 Dungeon Crawl Stone Soup version 0.30-a0-169-g06f667207d (webtiles) character file.

Game seed: 2103854357939161586

515635 qw the Slayer (level 25, -3/179 HPs)
             Began as a Gargoyle Fighter on Sept 29, 2022.
             Was a High Priest of Okawaru.
             Slain by a golden dragon (20 damage)
             ... on level 3 of the Realm of Zot.
             The game lasted 00:25:51 (46809 turns).

qw the Slayer (Gargoyle Fighter)                   Turns: 46809, Time: 00:25:51

Health: -3/179     AC: 56    Str: 41    XL:     25   Next: 17%
Magic:  30/30      EV: 19    Int: 11    God:    Okawaru [*****.]
Gold:   5049       SH: 32    Dex:  9    Spells: 24/24 levels left

rFire   + + .      SeeInvis +    t - +8 broad axe (freeze)
rCold   + + +      Faith    .    x - +0 tower shield
rNeg    + + .      Spirit   .    A - +9 ice dragon scales "Rejolit" {rPois rF- rC++ SInv}
rPois   inf        Reflect  +    G - -2 hat of the Alchemist {rElec rPois rF+ rC+ rN+ Will+ rMut rCorr}
rElec   +          Harm     .    j - +2 cloak "Waliysi" {rF+}
rCorr   +          Rampage  +    a - +1 pair of gloves of Shadows and Fog {Rampage rF+ Str+4}
rMut    +                        v - +2 pair of boots
Will    +++..                    w - amulet of reflection
Stlth   +.........               Y - +4 ring of evasion
HPRegen 1.19/turn                N - ring of Gydaf {rC+ Will+ Str+7}
MPRegen 0.22/turn

@: about to teleport, heroic, flying, slowed, very slow
A: sickness immunity, AC +19, big wings, negative energy resistance 1,
electricity resistance, torment resistance 1, petrification resistance, antennae
1, large bone plates 1, regeneration 1
}: 3/15 runes: decaying, silver, gossamer
a: Renounce Religion, Heroism, Finesse, Duel


You were on level 3 of the Realm of Zot.
You worshipped Okawaru.
Okawaru was extremely pleased with you.
You visited 9 branches of the dungeon, and saw 43 of its levels.
You also visited: Gauntlet.

You collected 7499 gold pieces.
You spent 2450 gold pieces at shops.


Innate Abilities, Weirdness & Mutations

You are immune to sickness and miasma.
Your stone body is resilient. (AC +19)
You are immune to poison.
Your large and strong wings let you fly.
You resist negative energy. (rN+)
You are resistant to electric shocks. (rElec)
You are resistant to unholy torment.
You are immune to petrification.
You have a pair of small antennae on your head.
You are partially covered in large bone plates. (SH +4)
Your natural rate of healing is unusually fast.


   Skills:
 - Level 24.2(27) Fighting
 - Level 18.0(23.0) Axes
 + Level 13.9(18.9) Throwing
 - Level 20.0(25.0) Armour
 - Level 9.0(14.0) Dodging
 - Level 22.0(27) Shields
 - Level 10.0 Invocations


You had 24 spell levels left.
You didn't know any spells.
Your spell library was empty.

Inventory:

Hand Weapons
 t - a +8 broad axe of freezing (weapon)
 H - the +8 broad axe "Giant's Nightmare" {vorpal, Will- rCorr Int+2}
   (You bought it in a shop on level 2 of the Orcish Mines)

   It inflicts extra damage upon your enemies.
   Int:       It affects your intelligence (+2).
   rCorr:     It protects you from acid and corrosion.
   Will:      It decreases your willpower.
Missiles
 c - 5 silver javelins (quivered)
 f - 30 boomerangs
 D - 7 silver boomerangs
 E - 14 javelins
 L - 12 boomerangs of dispersal
Armour
 a - the +1 pair of gloves of Shadows and Fog (worn) {Rampage rF+ Str+4}
   (You acquired it on level 1 of the Dungeon)

   Str:       It affects your strength (+4).
   rF:        It protects you from fire.
   Rampage:   It bestows one free step when moving towards enemies.
 j - the +2 cloak "Waliysi" (worn) {rF+}
   (Okawaru gifted it to you on level 4 of the Swamp)

   rF:        It protects you from fire.
 o - the +7 fire dragon scales of the Butterfly {Contam Harm rF++ rC- rN+++ Stlth+}
   (You took it off a yaktaur captain on level 5 of the Vaults)

   rF:        It greatly protects you from fire.
   rC:        It makes you vulnerable to cold.
   rN:        It renders you almost immune to negative energy.
   Contam:    It causes magical contamination when unequipped.
   Harm:      It increases damage dealt and taken.
   Stlth:     It makes you more stealthy.
 p - a +10 plate armour of ponderousness
 q - +0 acid dragon scales
 s - the +3 crown of Dyrovepreva {rElec Int+2 SInv}
   (You found it in a Gauntlet)

   Int:       It affects your intelligence (+2).
   rElec:     It insulates you from electricity.
   SInv:      It lets you see invisible.
 v - a +2 pair of boots (worn)
 x - a +0 tower shield (worn)
 y - a +4 plate armour of cold resistance
 A - the +9 ice dragon scales "Rejolit" (worn) {rPois rF- rC++ SInv}
   (Okawaru gifted it to you on level 5 of the Lair of Beasts)

   rF:        It makes you vulnerable to fire.
   rC:        It greatly protects you from cold.
   rPois:     It protects you from poison.
   SInv:      It lets you see invisible.
 G - the -2 hat of the Alchemist (worn) {rElec rPois rF+ rC+ rN+ Will+ rMut rCorr}
   (Okawaru gifted it to you on level 1 of the Vaults)

   rF:        It protects you from fire.
   rC:        It protects you from cold.
   rElec:     It insulates you from electricity.
   rPois:     It protects you from poison.
   rN:        It protects you from negative energy.
   rCorr:     It protects you from acid and corrosion.
   rMut:      It protects you from mutation.
   Will:      It increases your willpower.
 J - +0 gold dragon scales
 K - the +3 pair of gloves of Failure {rC+}
   (You found it on level 5 of the Vaults)

   rC:        It protects you from cold.
Jewellery
 u - a ring of protection from fire
 w - an amulet of reflection (around neck)
 I - a ring of resist corrosion
 N - the ring of Gydaf (right hand) {rC+ Will+ Str+7}
   (You found it on level 2 of the Orcish Mines)

   [ring of willpower]

   Str:       It affects your strength (+7).
   rC:        It protects you from cold.
   Will:      It increases your willpower.
 O - the ring "Mufeykko" {Wiz rF+ rC+}
   (You found it on level 2 of the Orcish Mines)

   [ring of wizardry]

   It improves your spell success rate.
   rF:        It protects you from fire.
   rC:        It protects you from cold.
 Y - a +4 ring of evasion (left hand)
Scrolls
 b - 12 scrolls of identify
 e - 7 scrolls of teleportation
 z - a scroll of enchant armour
Potions
 d - 9 potions of might
 g - 8 potions of attraction
 h - 6 potions of resistance
 i - 3 potions of haste
 k - 6 potions of magic
 l - 7 potions of cancellation
 m - 10 potions of lignification
 n - 10 potions of mutation
 r - 20 potions of curing
 F - 3 potions of heal wounds

Dungeon Overview and Level Annotations

Branches:
Dungeon (15/15)            Temple (1/1) D:6            Lair (5/5) D:9
  Swamp (4/4) Lair:2       Spider (4/4) Lair:2        Slime (0/5) Lair:5
    Orc (2/2) D:11            Elf (0/3) Orc:2        Vaults (5/5) D:13
  Crypt (0/3) Vaults:3     Depths (4/4) D:15            Zot (3/5) Depths:4
Gauntlet (visited)

Altars:
Ashenzari
Cheibriados
Dithmenos
Elyvilon
Fedhas
Gozag
Hepliaklqana
Kikubaaqudgha
Makhleb
Nemelex Xobeh
Okawaru
Qazlal
Ru
Sif Muna
Trog
Uskayaw
Vehumet
Wu Jian
Xom
Yredelemnul
Zin
The Shining One
Jiyva
Lugonu

Shops:
Orc:2 =(==*   Vaults:2 (   Vaults:3 *

Portals:
Hell: Depths:1 Depths:2 Depths:3 Depths:4
Abyss: D:11 D:13 Depths:2 Depths:3
Pandemonium: Depths:1 Depths:2 Depths:3
Ziggurat: Depths:1
Trove: Vaults:1 (show slimy rune of Zot)

Annotations:
D:13 2 transporters, Yqoodd's ghost, journeyman GnWr
Lair:3 2 transporters, qw's ghost, journeyman GrFi
Lair:5 1 runed translucent door
Spider:2 1 runed translucent door, Vuykkinei's ghost, adept TrBe
Zot:1 2 transporters, qw's ghost, veteran GrFi


Message History

The golden dragon claws you but does no damage.
The golden dragon misses you.
The storm dragon breathes lightning at you.
The bolt of lightning misses you. x2
The bolt of lightning hits the storm dragon.
The storm dragon completely resists.
The storm dragon bites you!!
The storm dragon claws you but does no damage.
The storm dragon completely misses you.
The moth of wrath goads the storm dragon on!
The storm dragon goes berserk!
The moth of wrath goads the green draconian monk on!
The green draconian monk goes berserk!
The moth of wrath goads the white draconian on!
The white draconian goes berserk!
The green draconian monk completely misses you.
The green draconian monk kicks you but does no damage.
The green draconian monk closely misses you. x2
The white draconian hits you but does no damage.
46809 ||| READING 8 scrolls of teleportation.
As you read the scroll of teleportation, it crumbles to dust.
You feel strangely unstable.
You feel the Orb delaying your translocation!
The storm dragon barely misses you. You block the storm dragon's attack.
The storm dragon misses you. You block the storm dragon's attack.
The storm dragon claws you!
The storm dragon tramples you but does no damage.
The golden dragon bites you but does no damage.
You block the golden dragon's attack.
The golden dragon completely misses you.
The golden dragon barely misses you.
You block the golden dragon's attack. x2
The green draconian monk completely misses you.
The green draconian monk kicks you but does no damage.
You block the green draconian monk's attack.
The green draconian monk completely misses you.
The storm dragon bites you but does no damage.
The storm dragon closely misses you.
The storm dragon tramples you but does no damage.
The storm dragon closely misses you. The storm dragon claws you.
The storm dragon completely misses you. The golden dragon bites you!!
You die...

.. .# #..
$.# ## #.#
ยค.## .##
#z# ..##..##
#D##>.#...##
#d#d......##
#DqD......##
#@Dd......#
##DD.q.....
##y.......
##..#..##
#.# ..# #.#
.. #.# #. #.


You could see a green draconian monk (berserk), 2 golden dragons, 4 storm
dragons, 3 draconians, a death cob, a yellow draconian annihilator and a moth of
wrath (poisoned).

Vanquished Creatures
  An ancient lich (Vaults:5)
  Bai Suzhen (Spider:4)
  Vv (Depths:3)
  the Lernaean hydra (Swamp:4)
  5 curse toes
  Nikola (Spider:2)
  5 golden dragons
  2 bone dragons (Depths:4)
  12 tentacled monstrosities
  Rupert (Lair:4)
  Mlioglotl (Spider:1)
  3 quicksilver dragons
  A titan (Vaults:5)
  2 sphinxes
  3 deep elf master archers (Depths:2)
  8 death cobs
  6 shadow dragons
  Gastronok (Lair:2)
  3 thorn hunters
  7 tengu reavers
  Kirke (D:15)
  5 storm dragons
  Roxanne (D:15)
  A draconian monk (Zot:2)
  5 frost giants
  3 draconian knights
  Louise (Spider:4)
  10 fire giants
  20 vault wardens
  4 draconian scorchers
  7 ghost moths
  3 iron dragons
  6 emperor scorpions
  2 draconian shifters (Zot:1)
  3 deep elf sorcerers (Vaults:5)
  3 spriggan defenders
  8 draconian annihilators
  5 orc warlords
  3 draconian stormcallers
  2 broodmothers
  6 war gargoyles
  26 ironbound preservers
  29 very ugly things
  13 stone giants
  9 ironbound thunderhulks
  6 green draconians
  A vampire knight (Depths:4)
  Nessos (D:12)
  6 purple draconians
  A lorocyproca (Depths:2)
  9 black draconians
  2 bunyips
  2 deep elf demonologists
  3 eleionomae
  2 deep elf annihilators
  A minotaur (Gauntlet)
  4 yellow draconians (Zot:1)
  6 dire elephants
  6 red draconians
  11 spark wasps
  A merfolk javelineer (Depths:2)
  A deep elf death mage (Vaults:2)
  10 white draconians
  2 green deaths
  11 ettins
  12 fire dragons
  2 shambling mangroves
  8 entropy weavers
  Josephine (D:11)
  4 deep elf high priests
  Harold (D:10)
  5 great orbs of eyes
  15 yaktaur captains
  A rakshasa (Depths:1)
  16 hydras
  2 jorogumos (shapeshifter)
  19 centaur warriors
  2 ghost crabs
  3 radroaches
  2 jorogumos (Spider:1)
  35 vault guards
  5 ogre magi
  3 catoblepae
  2 death knights (Vaults:3)
  3 spriggan air magi
  5 ice dragons
  10 boulder beetles
  10 alligators
  18 two-headed ogres
  12 ironbound frosthearts
  A death scarab (Spider:4)
  3 deep troll earth magi
  4 deep troll shamans
  4 tengu warriors
  An orc high priest (Orc:2)
  A death yak (shapeshifter) (Vaults:5)
  4 spriggan berserkers
  A hell knight (Vaults:5)
  2 soul eaters
  Nergalle (D:10)
  A sun demon (Gauntlet)
  A sun moth (Spider:4)
  A shadow wraith (Vaults:3)
  2 iron trolls
  4 pharaoh ants
  4 skeletal warriors (D:12)
  8 orb spiders
  6 goliath frogs
  69 deep trolls
  5 spriggan druids (Swamp:4)
  3 glowing orange brains
  4 steelbarb worms
  An orange crystal statue (Depths:2)
  12 swamp dragons
  A flayed ghost (Vaults:5)
  4 deep elf archers (Depths:2)
  9 lindwurms
  A deep troll (shapeshifter) (Depths:3)
  A bog body (Swamp:2)
  7 phantasmal warriors
  14 wizards
  A glowing orange brain (shapeshifter) (Depths:3)
  13 orc knights
  16 ironbound convokers
  A necromancer (Vaults:3)
  2 orc sorcerers
  24 wolf spiders
  3 manticores
  26 slime creatures
  A manticore (shapeshifter) (Vaults:5)
  11 moths of wrath
  4 cyclopes
  3 will-o-the-wisps
  32 ugly things
  10 apocalypse crabs (Zot:1)
  4 rust devils
  6 elephants (Lair:5)
  22 vault sentinels
  4 black mambas
  4 smoke demons
  A hellion (Gauntlet)
  8 cane toads
  11 torpor snails
  Maggie (Lair:1)
  An orange demon (Depths:3)
  8 demonic crawlers
  10 komodo dragons
  4 unseen horrors
  35 yaktaurs
  2 kobold demonologists
  A tengu conjurer (D:13)
  8 rime drakes
  A rime drake (shapeshifter) (Depths:3)
  10 trolls
  2 hellwings
  A red devil (Depths:1)
  A queen bee (Spider:1)
  A meliai (shapeshifter) (D:15)
  A wind drake (shapeshifter) (D:13)
  A troll (shapeshifter) (D:14)
  A hornet (shapeshifter) (Vaults:5)
  2 bloated husks
  6 meliai
  26 tarantellas
  8 blink frogs (Lair:1)
  A tarantella (shapeshifter) (D:14)
  32 hornets
  18 tyrant leeches
  4 dream sheep (Lair:5)
  A slime creature (shapeshifter) (Depths:3)
  18 jumping spiders
  A centaur simulacrum (D:15)
  7 water elementals (D:15)
  24 culicivoras
  2 shadows
  2 large abominations (Depths:3)
  2 vampires
  17 spriggans
  14 humans
  3 wyverns
  A hog (shapeshifter) (D:15)
  4 hogs
  7 wraiths
  2 ynoxinuls
  An elf simulacrum (Vaults:1)
  3 basilisks
  A golden eye (shapeshifter) (D:13)
  48 yaks
  2 chaos spawn (Depths:2)
  49 redbacks
  6 wargs
  2 steam dragons
  13 vampire mosquitoes
  2 spatial vortices (Spider:1)
  8 swamp worms
  4 acid dragons
  24 water moccasins
  2 floating eyes
  5 swamp drakes
  A hell hound (Gauntlet)
  A swamp drake (shapeshifter) (Vaults:5)
  25 orc warriors
  4 black bears
  27 ogres
  10 centaurs
  19 wolves
  2 kobold brigands (Depths:3)
  7 bullfrogs
  A gnoll sergeant (D:7)
  2 necrophages
  3 scorpions
  4 wights (D:6)
  23 killer bees
  15 electric eels
  5 howler monkeys
  9 hounds
  A jelly (D:4)
  17 orc priests
  A gnoll bouda (D:8)
  11 iguanas
  18 orc wizards
  9 gnolls
  24 adders
  2 shadow imps (D:6)
  4 white imps
  An ufetubus (D:4)
  A dart slug (D:4)
  76 orcs
  5 bats
  5 endoplasms
  5 giant cockroaches
  14 goblins
  9 hobgoblins
  6 kobolds
  4 quokkas
  8 ball pythons
  3 frilled lizards
  5 rats
  7 briar patches
  A bush (D:14)
  A lurking horror (D:11)
1767 creatures vanquished.

Vanquished Creatures (others)
  Asterion (Spider:2)
  A deep elf death mage (Vaults:2)
  A wizard (Depths:1)
  A bloated husk (Swamp:4)
  2 tarantellas
  A jumping spider (Spider:2)
  4 humans (Depths:3)
  A killer bee (Spider:1)
  An orc wizard (Orc:2)
  An adder (Lair:1)
  A briar patch (Swamp:4)
  14 foxfires
  9 fungi
  55 plants
  2 withered plants (Spider:2)
95 creatures vanquished.

Grand Total: 1862 creatures vanquished

Notes
Turn   | Place    | Note
-------+----------+-------------------------------------------
     0 | D:1      | qw the Gargoyle Fighter began the quest for the Orb.
     0 | D:1      | Reached XP level 1. HP: 14/14 MP: 1/1
     0 | D:1      | 0 ||| qw: Version: 0.2-a-12-gaebbb33
     0 | D:1      | 0 ||| qw: Game counter: 1331
     0 | D:1      | 0 ||| qw: Always use a shield: true
     0 | D:1      | 0 ||| qw: God list: Okawaru
     0 | D:1      | 0 ||| qw: Allow faded altars: false
     0 | D:1      | 0 ||| qw: Do Orc after D:15 true
     0 | D:1      | 0 ||| qw: Do second Lair branch before Depths: true
     0 | D:1      | 0 ||| qw: Lair rune preference: random
     0 | D:1      | 0 ||| qw: Plans: Normal, Zot:1-4, God:TSO, Crypt, Tomb,
                  | Pan, Slime:5, Hells, Abyss, Orb
     0 | D:1      | 0 ||| PLANNING D:1-11
    92 | D:1      | 92 ||| Stepping ~*~*~tactically~*~*~ (stealth).
   147 | D:1      | Reached XP level 2. HP: 17/19 MP: 2/2
   354 | D:1      | Found a faded altar of an unknown god.
   497 | D:1      | 497 ||| Stepping ~*~*~tactically~*~*~ (water).
   823 | D:1      | Reached skill level 3 in Axes
   931 | D:1      | 931 ||| UPGRADING to +0 chain mail.
   941 | D:1      | 941 ||| DROPPING +0 scale mail.
   942 | D:1      | 942 ||| READING scroll labelled LUGOIFF ABEWNI.
   943 | D:1      | 943 ||| READING scroll labelled GAEZINL LUKAUKH.
   944 | D:1      | 944 ||| READING scroll labelled PESMUTHRAWI.
   944 | D:1      | Identified a scroll of acquirement
   944 | D:1      | 944 ||| ACQUIRING +1 pair of gloves of Shadows and Fog
                  | {Rampage rF+ Str+4}
   944 | D:1      | Acquired the +1 pair of gloves of Shadows and Fog {Rampage
                  | rF+ Str+4}
   946 | D:1      | 946 ||| UPGRADING to +1 pair of gloves of Shadows and Fog
                  | {Rampage rF+ Str+4}.
   981 | D:2      | Reached XP level 3. HP: 23/23 MP: 3/3
  1402 | D:2      | 1402 ||| Stepping ~*~*~tactically~*~*~ (stealth).
  1971 | D:2      | 1971 ||| UPGRADING to +1 hat.
  1976 | D:2      | 1976 ||| READING 2 scrolls labelled VECKUO ACVUHAL.
  1977 | D:2      | 1977 ||| READING scroll labelled DICUYF HESERCHID.
  1978 | D:2      | 1978 ||| READING scroll labelled VOEC UNESH.
  1979 | D:2      | 1979 ||| READING scroll labelled SAOTRI ETTAKH.
  2044 | D:3      | Reached XP level 4. HP: 23/28 MP: 4/4
  2044 | D:3      | 2044 ||| FLEEEEING.
  2045 | D:3      | 2045 ||| STAIRDANCE
  2169 | D:3      | 2169 ||| Stepping ~*~*~tactically~*~*~ (stealth).
  2355 | D:3      | 2355 ||| DROPPING +0 mace.
  2412 | D:3      | Reached XP level 5. HP: 30/32 MP: 5/5
  2502 | D:3      | 2502 ||| Stepping ~*~*~tactically~*~*~ (stealth).
  2503 | D:3      | 2503 ||| Stepping ~*~*~tactically~*~*~ (stealth).
  2507 | D:3      | 2507 ||| Stepping ~*~*~tactically~*~*~ (stealth).
  2508 | D:3      | 2508 ||| Stepping ~*~*~tactically~*~*~ (stealth).
  2512 | D:3      | 2512 ||| Stepping ~*~*~tactically~*~*~ (stealth).
  2520 | D:3      | 2520 ||| Stepping ~*~*~tactically~*~*~ (hiding).
  2521 | D:3      | 2521 ||| Stepping ~*~*~tactically~*~*~ (hiding).
  2670 | D:3      | 2670 ||| Stepping ~*~*~tactically~*~*~ (stealth).
  2679 | D:3      | 2679 ||| DROPPING +0 flail.
  2898 | D:3      | 2898 ||| STAIRDANCE
  2921 | D:2      | 2921 ||| UPGRADING to +0 cloak.
  2926 | D:2      | 2926 ||| READING 2 scrolls labelled XARGHO ORUL.
  2930 | D:2      | 2930 ||| READING 4 scrolls of identify.
  2930 | D:2      | 2930 ||| IDENTIFYING lumpy coppery potion
  2931 | D:2      | 2931 ||| READING 3 scrolls of identify.
  2931 | D:2      | 2931 ||| IDENTIFYING dark potion
  2932 | D:2      | 2932 ||| READING 2 scrolls of identify.
  2932 | D:2      | 2932 ||| IDENTIFYING sedimented yellow potion
  2933 | D:2      | 2933 ||| DROPPING potion of berserk rage.
  2934 | D:2      | 2934 ||| DROPPING potion of flight.
  3062 | D:3      | 3062 ||| DRINKING 2 bubbling inky potions.
  3172 | D:4      | Reached skill level 4 in Fighting
  3281 | D:4      | Reached XP level 6. HP: 38/38 MP: 6/6
  3316 | D:4      | Reached skill level 6 in Axes
  3336 | D:4      | 3336 ||| Stepping ~*~*~tactically~*~*~ (stealth).
  3389 | D:4      | 3389 ||| Stepping ~*~*~tactically~*~*~ (stealth).
  3907 | D:4      | 3907 ||| UPGRADING to ring of willpower.
  3908 | D:4      | 3908 ||| READING scroll labelled HEMAEPHA YNKOST.
  3909 | D:4      | 3909 ||| READING scroll labelled DUIKEZ IRIPNO.
  3910 | D:4      | 3910 ||| DRINKING 2 bubbling pink potions.
  3939 | D:5      | Entered Level 5 of the Dungeon
  3991 | D:5      | Reached skill level 1 in Dodging
  3995 | D:5      | Reached XP level 7. HP: 43/43 MP: 7/7
  4227 | D:5      | 4227 ||| READING scroll of brand weapon.
  4227 | D:5      | 4227 ||| BRANDING +0 war axe of venom.
  4343 | D:5      | 4343 ||| READING scroll of brand weapon.
  4343 | D:5      | 4343 ||| BRANDING +0 vorpal war axe.
  4350 | D:5      | 4350 ||| Stepping ~*~*~tactically~*~*~ (stealth).
  4357 | D:5      | You fall into a shaft and drop 1 floor!
  4407 | D:5      | Found a snail-covered altar of Cheibriados.
  4477 | D:5      | 4477 ||| FLEEEEING.
  4478 | D:5      | 4478 ||| FLEEEEING.
  4479 | D:5      | 4479 ||| FLEEEEING.
  4480 | D:5      | 4480 ||| FLEEEEING.
  4481 | D:5      | 4481 ||| FLEEEEING.
  4482 | D:5      | 4482 ||| FLEEEEING.
  4483 | D:5      | 4483 ||| FLEEEEING.
  4484 | D:5      | 4484 ||| FLEEEEING.
  4527 | D:5      | 4527 ||| Stepping ~*~*~tactically~*~*~ (hiding).
  4637 | D:5      | Reached skill level 5 in Fighting
  4637 | D:5      | Reached XP level 8. HP: 36/50 MP: 8/8
  5196 | D:5      | 5196 ||| DRINKING 2 green potions.
  5446 | D:6      | Found a staircase to the Ecumenical Temple.
  5447 | D:6      | 5447 ||| PLANNING TEMPLE
  5447 | D:6      | 5447 ||| READING scroll labelled FYDASKOXZE.
  5457 | Temple   | Entered the Ecumenical Temple
  5530 | Temple   | 5530 ||| PLANNING OKAWARU WORSHIP
  5755 | Temple   | Became a worshipper of Warmaster Okawaru
  5756 | Temple   | 5756 ||| PLANNING D:1-11
  6185 | D:6      | Reached skill level 6 in Fighting
  6447 | D:7      | Noticed a wyvern
  6455 | D:7      | Killed a wyvern
  6455 | D:7      | Reached * piety under Okawaru
  6609 | D:7      | Reached skill level 1 in Invocations
  6609 | D:7      | Reached XP level 9. HP: 53/55 MP: 8/10
  6639 | D:7      | 6639 ||| Stepping randomly (disturbance).
  6649 | D:7      | HP: 11/55 [something (5)]
  6651 | D:7      | HP: 5/55 [something (3)]
  6663 | D:7      | HP: 5/55 [something (2)]
  6668 | D:7      | HP: 4/55 [something (2)]
  6675 | D:7      | HP: 1/55 [something (4)]
  6676 | D:7      | Killed an unseen horror
  6677 | D:7      | Reached skill level 9 in Axes
  6677 | D:7      | Reached skill level 3 in Invocations
  7052 | D:7      | Found a flagged portal.
  7054 | D:7      | 7054 ||| INVOKING Heroism.
  7155 | D:7      | 7155 ||| Stepping ~*~*~tactically~*~*~ (stealth).
  7156 | D:7      | 7156 ||| Stepping ~*~*~tactically~*~*~ (stealth).
  7206 | D:7      | 7206 ||| Stepping ~*~*~tactically~*~*~ (stealth).
  7207 | D:7      | 7207 ||| Stepping ~*~*~tactically~*~*~ (stealth).
  7210 | D:7      | 7210 ||| INVOKING Heroism.
  7302 | D:7      | 7302 ||| Stepping ~*~*~tactically~*~*~ (stealth).
  7317 | D:7      | 7317 ||| INVOKING Heroism.
  7334 | D:7      | 7334 ||| INVOKING Heroism.
  7417 | D:7      | 7417 ||| FLEEEEING.
  7421 | D:7      | 7421 ||| STAIRDANCE
  7462 | D:6      | 7462 ||| UPGRADING to +0 helmet.
  7472 | D:6      | 7472 ||| DROPPING +1 hat.
  7473 | D:6      | 7473 ||| UPGRADING to +0 plate armour.
  7483 | D:6      | 7483 ||| DROPPING +0 chain mail.
  7484 | D:6      | 7484 ||| READING scroll labelled LOCKIT NUAGOE.
  7485 | D:6      | 7485 ||| READING 3 scrolls labelled KINYXKAYNK.
  7486 | D:6      | 7486 ||| READING scroll labelled AGHUVU USKYKO.
  7487 | D:6      | 7487 ||| DRINKING 2 white potions.
  7488 | D:6      | 7488 ||| READING 2 scrolls of identify.
  7488 | D:6      | 7488 ||| IDENTIFYING sedimented ruby potion
  7489 | D:6      | 7489 ||| DROPPING potion of brilliance.
  7490 | D:6      | 7490 ||| DROPPING 2 scrolls of magic mapping.
  7574 | D:7      | Found a stormy altar of Qazlal.
  7574 | D:7      | Found a hide-covered altar of Uskayaw.
  7575 | D:7      | 7575 ||| Stepping ~*~*~tactically~*~*~ (hiding).
  7597 | D:7      | 7597 ||| Stepping ~*~*~tactically~*~*~ (stealth).
  7610 | D:7      | Found a broken altar of Ashenzari.
  7610 | D:7      | Found a shadowy altar of Dithmenos.
  7964 | D:7      | 7964 ||| UPGRADING to ring of positive energy.
  7965 | D:7      | 7965 ||| READING 3 scrolls labelled COEGHE FOOSS.
  7966 | D:7      | 7966 ||| DRINKING 3 bubbling grey potions.
  7966 | D:7      | Gained mutation: You have a pair of small antennae on your
                  | head. [potion of mutation]
  7966 | D:7      | Gained mutation: You are partially covered in large bone
                  | plates. (SH +4) [potion of mutation]
  7966 | D:7      | Gained mutation: Your natural rate of healing is unusually
                  | fast. [potion of mutation]
  7967 | D:7      | 7967 ||| DROPPING +0 helmet.
  7968 | D:7      | 7968 ||| READING 6 scrolls of identify.
  7968 | D:7      | 7968 ||| IDENTIFYING fizzy purple potion
  7969 | D:7      | 7969 ||| DROPPING 2 scrolls of immolation.
  7970 | D:7      | 7970 ||| DROPPING potion of invisibility.
  8047 | D:8      | Reached ** piety under Okawaru
  8055 | D:8      | 8055 ||| Stepping ~*~*~tactically~*~*~ (stealth).
  8061 | D:8      | 8061 ||| INVOKING Heroism.
  8067 | D:8      | Reached skill level 6 in Armour
  8070 | D:8      | Reached skill level 7 in Fighting
  8094 | D:8      | Reached XP level 10. HP: 63/63 MP: 13/13
  8094 | D:8      | Found an ancient bone altar of Kikubaaqudgha.
  8094 | D:8      | Noticed a two-headed ogre
  8095 | D:8      | 8095 ||| INVOKING Heroism.
  8100 | D:8      | Killed a two-headed ogre
  8100 | D:8      | Reached *** piety under Okawaru
  8125 | D:8      | 8125 ||| INVOKING Heroism.
  8160 | D:8      | 8160 ||| Stepping ~*~*~tactically~*~*~ (stealth).
  8169 | D:8      | 8169 ||| INVOKING Heroism.
  8248 | D:8      | 8248 ||| Stepping ~*~*~tactically~*~*~ (hiding).
  8303 | D:8      | 8303 ||| Stepping ~*~*~tactically~*~*~ (hiding).
  8304 | D:8      | 8304 ||| Stepping ~*~*~tactically~*~*~ (hiding).
  8306 | D:8      | 8306 ||| Stepping ~*~*~tactically~*~*~ (hiding).
  8307 | D:8      | 8307 ||| Stepping ~*~*~tactically~*~*~ (hiding).
  8308 | D:8      | 8308 ||| Stepping ~*~*~tactically~*~*~ (hiding).
  8309 | D:8      | 8309 ||| Stepping ~*~*~tactically~*~*~ (hiding).
  8660 | D:9      | 8660 ||| INVOKING Heroism.
  8662 | D:9      | Found a staircase to the Lair.
  8670 | D:9      | Reached skill level 8 in Fighting
  8684 | D:9      | HP: 15/64 [electric eel/bolt of electricity (5)]
  8685 | D:9      | 8685 ||| READING 8 scrolls of teleportation.
  8861 | D:9      | 8861 ||| INVOKING Heroism.
  8901 | D:9      | 8901 ||| INVOKING Heroism.
  8952 | D:9      | 8952 ||| INVOKING Heroism.
  9031 | D:9      | Noticed a two-headed ogre
  9032 | D:9      | 9032 ||| INVOKING Heroism.
  9043 | D:9      | Killed a two-headed ogre
  9043 | D:9      | Reached **** piety under Okawaru
  9144 | D:9      | 9144 ||| Stepping ~*~*~tactically~*~*~ (stealth).
  9154 | D:9      | Reached XP level 11. HP: 63/69 MP: 14/14
  9215 | D:9      | 9215 ||| READING scroll of enchant armour.
  9215 | D:9      | 9215 ||| ENCHANTING +0 cloak.
  9338 | D:9      | 9338 ||| INVOKING Heroism.
  9473 | D:9      | 9473 ||| PLANNING LAIR
  9473 | D:9      | 9473 ||| DROPPING scarf of invisibility.
  9505 | Lair:1   | Entered Level 1 of the Lair of Beasts
  9524 | Lair:1   | 9524 ||| Stepping ~*~*~tactically~*~*~ (stealth).
  9536 | Lair:1   | Reached skill level 9 in Fighting
  9617 | Lair:1   | 9617 ||| INVOKING Heroism.
  9631 | Lair:1   | 9631 ||| INVOKING Heroism.
  9636 | Lair:1   | 9636 ||| Stepping ~*~*~tactically~*~*~ (stealth).
  9649 | Lair:1   | Reached skill level 6 in Invocations
  9649 | Lair:1   | Reached ***** piety under Okawaru
  9682 | Lair:1   | 9682 ||| Stepping ~*~*~tactically~*~*~ (stealth).
  9683 | Lair:1   | 9683 ||| Stepping ~*~*~tactically~*~*~ (stealth).
  9685 | Lair:1   | 9685 ||| Stepping ~*~*~tactically~*~*~ (stealth).
  9687 | Lair:1   | 9687 ||| INVOKING Heroism.
  9708 | Lair:1   | 9708 ||| INVOKING Heroism.
  9742 | Lair:1   | Received a gift from Okawaru
  9758 | Lair:1   | 9758 ||| INVOKING Heroism.
  9813 | Lair:1   | 9813 ||| SWAPPING to +1 broad axe of freezing.
  9814 | Lair:1   | 9814 ||| DROPPING +1 war axe of protection.
  9933 | Lair:1   | Noticed Maggie
  9939 | Lair:1   | Killed Maggie
  9951 | Lair:1   | 9951 ||| INVOKING Heroism.
 10050 | Lair:1   | 10050 ||| INVOKING Heroism.
 10076 | Lair:1   | Reached skill level 12 in Axes
 10078 | Lair:1   | 10078 ||| INVOKING Heroism.
 10087 | Lair:1   | Reached skill level 9 in Invocations
 10087 | Lair:1   | Reached XP level 12. HP: 69/76 MP: 16/18
 10115 | Lair:1   | Reached skill level 6 in Shields
 10121 | Lair:1   | 10121 ||| READING scroll of enchant weapon.
 10121 | Lair:1   | 10121 ||| ENCHANTING +1 broad axe of freezing.
 10140 | Lair:1   | 10140 ||| INVOKING Heroism.
 10214 | Lair:1   | 10214 ||| Stepping ~*~*~tactically~*~*~ (stealth).
 10673 | Lair:2   | You fall into a shaft and drop 2 floors!
 10677 | Lair:4   | Identified the +6 halberd of the Egg {vorpal, rF+ rC++
                  | Will- Str+3}
 10713 | Lair:4   | 10713 ||| READING 7 scrolls of identify.
 10713 | Lair:4   | 10713 ||| IDENTIFYING pink potion
 10726 | Lair:3   | 10726 ||| Stepping ~*~*~tactically~*~*~ (stealth).
 10738 | Lair:3   | 10738 ||| INVOKING Heroism.
 10798 | Lair:3   | Reached skill level 1 in Throwing
 10821 | Lair:3   | 10821 ||| Stepping ~*~*~tactically~*~*~ (hiding).
 10856 | Lair:3   | 10856 ||| INVOKING Heroism.
 10858 | Lair:3   | 10858 ||| Stepping ~*~*~tactically~*~*~ (stealth).
 10864 | Lair:3   | Received a gift from Okawaru
 10869 | Lair:3   | Reached skill level 3 in Throwing
 10984 | Lair:2   | Found a staircase to the Swamp.
 11015 | Lair:2   | Noticed Gastronok
 11016 | Lair:2   | 11016 ||| INVOKING Heroism.
 11041 | Lair:2   | Killed Gastronok
 11041 | Lair:2   | Reached ****** piety under Okawaru
 11042 | Lair:2   | Reached skill level 10 in Fighting
 11063 | Lair:2   | Received a gift from Okawaru
 11086 | Lair:2   | 11086 ||| INVOKING Heroism.
 11138 | Lair:2   | Found a hole to the Spider Nest.
 11147 | Lair:2   | 11147 ||| Stepping ~*~*~tactically~*~*~ (hiding).
 11205 | Lair:2   | 11205 ||| INVOKING Heroism.
 11268 | Lair:2   | 11268 ||| INVOKING Heroism.
 11681 | Lair:2   | 11681 ||| Stepping ~*~*~tactically~*~*~ (water).
 11716 | Lair:2   | Noticed a four-headed hydra
 11718 | Lair:2   | 11718 ||| INVOKING Heroism.
 11719 | Lair:2   | 11719 ||| INVOKING Finesse.
 11724 | Lair:2   | 11724 ||| SWAPPING to +0 morningstar.
 11725 | Lair:2   | 11725 ||| Stepping ~*~*~tactically~*~*~ (water).
 11733 | Lair:2   | Killed a four-headed hydra
 11734 | Lair:2   | 11734 ||| SWAPPING to +2 broad axe of freezing.
 11877 | Lair:2   | 11877 ||| UPGRADING to ring of willpower.
 12107 | Lair:3   | Found a transporter.
 12111 | Lair:3   | Noticed qw's ghost (journeyman GrFi)
 12114 | Lair:3   | Noticed a six-headed hydra
 12161 | Lair:3   | Found a transporter.
 12529 | Lair:4   | 12529 ||| INVOKING Heroism.
 12562 | Lair:4   | 12562 ||| INVOKING Heroism.
 12564 | Lair:4   | Noticed a catoblepas
 12565 | Lair:4   | 12565 ||| INVOKING Finesse.
 12574 | Lair:4   | Killed a catoblepas
 12575 | Lair:4   | Reached XP level 13. HP: 83/83 MP: 13/20
 13121 | Lair:4   | Noticed Rupert
 13122 | Lair:4   | 13122 ||| INVOKING Heroism.
 13123 | Lair:4   | 13123 ||| INVOKING Finesse.
 13135 | Lair:4   | Killed Rupert
 13136 | Lair:4   | Reached skill level 9 in Armour
 13316 | Lair:4   | 13316 ||| UPGRADING to +0 pair of boots.
 13321 | Lair:4   | 13321 ||| DRINKING 2 fizzy red potions.
 13422 | Lair:4   | 13422 ||| DRINKING 2 lumpy emerald potions.
 13423 | Lair:4   | 13423 ||| DROPPING potion of ambrosia.
 13424 | Lair:4   | 13424 ||| DROPPING potion of degeneration.
 13432 | Lair:5   | Entered Level 5 of the Lair of Beasts
 13434 | Lair:5   | 13434 ||| INVOKING Heroism.
 13436 | Lair:5   | 13436 ||| STAIRDANCE
 13449 | Lair:5   | 13449 ||| STAIRDANCE
 13462 | Lair:5   | 13462 ||| STAIRDANCE
 13562 | Lair:5   | 13562 ||| INVOKING Heroism.
 13582 | Lair:5   | Received a gift from Okawaru
 13634 | Lair:5   | 13634 ||| INVOKING Heroism.
 13635 | Lair:5   | 13635 ||| INVOKING Finesse.
 13646 | Lair:5   | Received a gift from Okawaru
 13694 | Lair:5   | Found an ornate altar of the Wu Jian Council.
 13694 | Lair:5   | Found a hide-covered altar of Uskayaw.
 13716 | Lair:5   | 13716 ||| Stepping ~*~*~tactically~*~*~ (stealth).
 13717 | Lair:5   | 13717 ||| Stepping ~*~*~tactically~*~*~ (stealth).
 13722 | Lair:5   | 13722 ||| Stepping ~*~*~tactically~*~*~ (stealth).
 13730 | Lair:5   | 13730 ||| Stepping ~*~*~tactically~*~*~ (stealth).
 13731 | Lair:5   | 13731 ||| Stepping ~*~*~tactically~*~*~ (stealth).
 13737 | Lair:5   | 13737 ||| FLEEEEING.
 13738 | Lair:5   | 13738 ||| FLEEEEING.
 13739 | Lair:5   | 13739 ||| FLEEEEING.
 13779 | Lair:5   | 13779 ||| INVOKING Heroism.
 13803 | Lair:5   | Found a staircase to the Slime Pits.
 13803 | Lair:5   | Found a viscous altar of Jiyva.
 13815 | Lair:5   | 13815 ||| Stepping ~*~*~tactically~*~*~ (stealth).
 13817 | Lair:5   | 13817 ||| INVOKING Heroism.
 13818 | Lair:5   | 13818 ||| INVOKING Finesse.
 13819 | Lair:5   | 13819 ||| SWAPPING to +0 morningstar.
 13830 | Lair:5   | Received a gift from Okawaru
 13831 | Lair:5   | 13831 ||| SWAPPING to +2 broad axe of freezing.
 13897 | Lair:5   | 13897 ||| INVOKING Heroism.
 13917 | Lair:5   | 13917 ||| Stepping ~*~*~tactically~*~*~ (hiding).
 13920 | Lair:5   | 13920 ||| INVOKING Finesse.
 13924 | Lair:5   | Identified the +9 ice dragon scales "Rejolit" {rPois rF-
                  | rC++ SInv} (Okawaru gifted it to you on level 5 of the Lair
                  | of Beasts)
 13924 | Lair:5   | Received a gift from Okawaru
 13944 | Lair:5   | Reached skill level 11 in Fighting
 13969 | Lair:5   | 13969 ||| INVOKING Heroism.
 14006 | Lair:5   | 14006 ||| Stepping ~*~*~tactically~*~*~ (stealth).
 14030 | Lair:5   | Found a runed translucent door.
 14033 | Lair:5   | Noticed an ice dragon
 14063 | Lair:5   | 14063 ||| FLEEEEING.
 14065 | Lair:5   | 14065 ||| INVOKING Heroism.
 14077 | Lair:5   | 14077 ||| Stepping ~*~*~tactically~*~*~ (stealth).
 14085 | Lair:5   | 14085 ||| Stepping ~*~*~tactically~*~*~ (stealth).
 14456 | Lair:5   | 14456 ||| INVOKING Heroism.
 14460 | Lair:5   | 14460 ||| Stepping ~*~*~tactically~*~*~ (water).
 14490 | Lair:5   | Gained mutation: Your large and strong wings let you fly.
                  | [Gargoyle growth]
 14490 | Lair:5   | Reached XP level 14. HP: 90/90 MP: 21/21
 14498 | Lair:5   | 14498 ||| Stepping ~*~*~tactically~*~*~ (stealth).
 14499 | Lair:5   | 14499 ||| Stepping ~*~*~tactically~*~*~ (stealth).
 14506 | Lair:5   | 14506 ||| INVOKING Heroism.
 14507 | Lair:5   | 14507 ||| INVOKING Finesse.
 14515 | Lair:5   | Reached skill level 6 in Throwing
 14715 | Lair:5   | 14715 ||| PLANNING D:1-11
 14715 | Lair:5   | 14715 ||| UPGRADING to +9 ice dragon scales "Rejolit"
                  | {rPois rF- rC++ SInv}.
 14725 | Lair:5   | 14725 ||| UPGRADING to +6 ring of strength.
 14727 | Lair:5   | 14727 ||| DROPPING ring of willpower.
 14728 | Lair:5   | 14728 ||| READING scroll labelled TIOKEF TEMIN.
 14746 | Lair:5   | 14746 ||| DRINKING 2 bubbling brown potions.
 14869 | D:10     | Entered Level 10 of the Dungeon
 14898 | D:10     | Noticed Nergalle
 14908 | D:10     | Killed Nergalle
 14909 | D:10     | Reached skill level 3 in Dodging
 14981 | D:10     | 14981 ||| Stepping ~*~*~tactically~*~*~ (stealth).
 14983 | D:10     | 14983 ||| Stepping ~*~*~tactically~*~*~ (hiding).
 14990 | D:10     | 14990 ||| INVOKING Heroism.
 15301 | D:10     | 15301 ||| INVOKING Heroism.
 15331 | D:10     | Reached skill level 15 in Axes
 15461 | D:10     | Noticed Harold
 15474 | D:10     | Killed Harold
 15784 | D:10     | 15784 ||| READING scroll labelled KEURYD OGO.
 15887 | D:11     | Found a one-way gate to the infinite horrors of the Abyss.
 15891 | D:11     | Found a corrupted altar of Lugonu.
 16089 | D:11     | Noticed Josephine
 16093 | D:11     | 16093 ||| INVOKING Heroism.
 16100 | D:11     | Received a gift from Okawaru
 16103 | D:11     | Killed Josephine
 16297 | D:11     | 16297 ||| INVOKING Heroism.
 16321 | D:11     | 16321 ||| Stepping ~*~*~tactically~*~*~ (stealth).
 16323 | D:11     | 16323 ||| Stepping ~*~*~tactically~*~*~ (stealth).
 16326 | D:11     | 16326 ||| INVOKING Heroism.
 16334 | D:11     | Reached skill level 12 in Fighting
 16346 | D:11     | Received a gift from Okawaru
 16349 | D:11     | 16349 ||| Stepping ~*~*~tactically~*~*~ (stealth).
 16350 | D:11     | 16350 ||| Stepping ~*~*~tactically~*~*~ (stealth).
 16370 | D:11     | 16370 ||| SWAPPING to +4 broad axe of venom.
 16390 | D:11     | Found a staircase to the Orcish Mines.
 16412 | D:11     | 16412 ||| PLANNING D
 16437 | D:12     | 16437 ||| Stepping ~*~*~tactically~*~*~ (stealth).
 16440 | D:12     | 16440 ||| READING 10 scrolls of teleportation.
 16441 | D:12     | 16441 ||| INVOKING Heroism.
 16537 | D:12     | 16537 ||| Stepping ~*~*~tactically~*~*~ (stealth).
 16541 | D:12     | 16541 ||| Stepping ~*~*~tactically~*~*~ (stealth).
 16546 | D:12     | 16546 ||| Stepping ~*~*~tactically~*~*~ (stealth).
 16547 | D:12     | 16547 ||| INVOKING Heroism.
 16556 | D:12     | 16556 ||| READING 9 scrolls of teleportation.
 16612 | D:12     | Found a sacrificial altar of Ru.
 16614 | D:12     | 16614 ||| Stepping ~*~*~tactically~*~*~ (stealth).
 16636 | D:12     | 16636 ||| Stepping ~*~*~tactically~*~*~ (stealth).
 16638 | D:12     | 16638 ||| Stepping ~*~*~tactically~*~*~ (stealth).
 16640 | D:12     | 16640 ||| INVOKING Heroism.
 16641 | D:12     | 16641 ||| Stepping ~*~*~tactically~*~*~ (stealth).
 16658 | D:12     | HP: 19/92 [very large slime creature (23)]
 16659 | D:12     | 16659 ||| READING 8 scrolls of teleportation.
 16660 | D:12     | 16660 ||| DRINKING potion of heal wounds.
 16762 | D:12     | 16762 ||| Stepping ~*~*~tactically~*~*~ (stealth).
 16763 | D:12     | 16763 ||| Stepping ~*~*~tactically~*~*~ (stealth).
 16765 | D:12     | 16765 ||| Stepping ~*~*~tactically~*~*~ (stealth).
 16772 | D:12     | 16772 ||| Stepping ~*~*~tactically~*~*~ (stealth).
 16835 | D:12     | 16835 ||| Stepping ~*~*~tactically~*~*~ (hiding).
 16975 | D:12     | Noticed Nessos
 16976 | D:12     | 16976 ||| Stepping ~*~*~tactically~*~*~ (stealth).
 16977 | D:12     | 16977 ||| Stepping ~*~*~tactically~*~*~ (stealth).
 17044 | D:12     | 17044 ||| INVOKING Heroism.
 17050 | D:12     | 17050 ||| Stepping ~*~*~tactically~*~*~ (hiding).
 17052 | D:12     | 17052 ||| INVOKING Finesse.
 17065 | D:12     | 17065 ||| Stepping ~*~*~tactically~*~*~ (hiding).
 17085 | D:12     | Killed Nessos
 17161 | D:12     | 17161 ||| Stepping ~*~*~tactically~*~*~ (stealth).
 17253 | D:12     | Received a gift from Okawaru
 17499 | D:12     | 17499 ||| UPGRADING to amulet of regeneration.
 17504 | D:12     | 17504 ||| DROPPING ring of magical power.
 17542 | D:13     | 17542 ||| Stepping ~*~*~tactically~*~*~ (stealth).
 17544 | D:13     | 17544 ||| Stepping ~*~*~tactically~*~*~ (hiding).
 17573 | D:13     | 17573 ||| INVOKING Heroism.
 17574 | D:13     | 17574 ||| INVOKING Finesse.
 17581 | D:13     | 17581 ||| SWAPPING to +0 morningstar.
 17586 | D:13     | Received a gift from Okawaru
 17587 | D:13     | 17587 ||| SWAPPING to +4 broad axe of venom.
 17643 | D:13     | 17643 ||| Stepping ~*~*~tactically~*~*~ (hiding).
 17646 | D:13     | 17646 ||| Stepping ~*~*~tactically~*~*~ (hiding).
 17648 | D:13     | 17648 ||| INVOKING Heroism.
 17650 | D:13     | 17650 ||| INVOKING Finesse.
 17709 | D:13     | 17709 ||| INVOKING Heroism.
 17715 | D:13     | Received a gift from Okawaru
 17743 | D:13     | Found a gate to the Vaults.
 17812 | D:13     | Noticed Yqoodd's ghost (journeyman GnWr)
 17815 | D:13     | Found a transporter.
 17820 | D:13     | 17820 ||| Stepping ~*~*~tactically~*~*~ (hiding).
 17856 | D:13     | Noticed a cyan very ugly thing
 17860 | D:13     | Found a shimmering altar of Xom.
 17862 | D:13     | 17862 ||| INVOKING Heroism.
 17863 | D:13     | 17863 ||| INVOKING Finesse.
 18030 | D:13     | 18030 ||| INVOKING Heroism.
 18031 | D:13     | 18031 ||| INVOKING Finesse.
 18170 | D:13     | Found a transporter.
 18171 | D:13     | 18171 ||| Stepping ~*~*~tactically~*~*~ (hiding).
 18172 | D:13     | 18172 ||| Stepping ~*~*~tactically~*~*~ (hiding).
 18174 | D:13     | 18174 ||| Stepping ~*~*~tactically~*~*~ (hiding).
 18185 | D:13     | Reached XP level 15. HP: 96/96 MP: 22/22
 18191 | D:13     | 18191 ||| Stepping ~*~*~tactically~*~*~ (hiding).
 18193 | D:13     | 18193 ||| Stepping ~*~*~tactically~*~*~ (hiding).
 18195 | D:13     | 18195 ||| Stepping ~*~*~tactically~*~*~ (hiding).
 18311 | D:13     | 18311 ||| UPGRADING to amulet of reflection.
 18321 | D:13     | 18321 ||| DROPPING amulet of regeneration.
 18343 | D:14     | 18343 ||| PLANNING GAUNTLET
 18383 | D:14     | 18383 ||| READING scroll of enchant armour.
 18383 | D:14     | 18383 ||| ENCHANTING +0 pair of boots.
 18418 | D:14     | 18418 ||| Stepping ~*~*~tactically~*~*~ (stealth).
 18419 | D:14     | 18419 ||| Stepping ~*~*~tactically~*~*~ (stealth).
 18420 | D:14     | 18420 ||| Stepping ~*~*~tactically~*~*~ (stealth).
 18652 | D:14     | Found a gate leading to a gauntlet.
 18653 | D:14     | 18653 ||| DROPPING ring of positive energy.
 18654 | D:14     | 18654 ||| UPGRADING to +4 ring of evasion.
 18656 | D:14     | 18656 ||| DROPPING ring of willpower.
 18665 | Gauntlet | Entered a Gauntlet
 18665 | Gauntlet | Found the +3 crown of Dyrovepreva {rElec Int+2 SInv}
 18665 | Gauntlet | Found a transporter.
 18665 | Gauntlet | Found a transporter.
 18665 | Gauntlet | Found a transporter.
 18666 | Gauntlet | Found a transporter.
 18669 | Gauntlet | Found a transporter.
 18679 | Gauntlet | Found a transporter.
 18746 | Gauntlet | Found a transporter.
 18756 | Gauntlet | Found a transporter.
 18772 | Gauntlet | Found a transporter.
 18782 | Gauntlet | Found a transporter.
 18797 | Gauntlet | Found a transporter.
 18803 | Gauntlet | Found a transporter.
 18866 | Gauntlet | 18866 ||| INVOKING Finesse.
 19008 | Gauntlet | 19008 ||| DRINKING potion of experience.
 19008 | Gauntlet | Reached XP level 16. HP: 101/101 MP: 23/23
 19011 | Gauntlet | 19011 ||| UPGRADING to +3 crown of Dyrovepreva {rElec Int+2
                  | SInv}.
 19022 | Gauntlet | 19022 ||| INVOKING Heroism.
 19030 | Gauntlet | 19030 ||| INVOKING Finesse.
 19116 | Gauntlet | Identified the amulet "Baes" {Faith rElec Regen+}
 19120 | Gauntlet | 19120 ||| DROPPING amulet "Baes" {Faith rElec Regen+}.
 19125 | Gauntlet | 19125 ||| INVOKING Heroism.
 19152 | Gauntlet | Identified the +1 scale mail of Tortured Satisfaction
                  | {Will- Regen+ Dex+4 Stlth+}
 19152 | Gauntlet | Identified the +5 dagger of Ruination {spect, rElec rC+
                  | Str+4 Int-4}
 19218 | D:14     | 19218 ||| PLANNING D
 19261 | D:14     | 19261 ||| INVOKING Heroism.
 19275 | D:14     | 19275 ||| READING 9 scrolls of teleportation.
 19279 | D:14     | 19279 ||| READING 8 scrolls of teleportation.
 19346 | D:14     | 19346 ||| Stepping ~*~*~tactically~*~*~ (stealth).
 19347 | D:14     | 19347 ||| Stepping ~*~*~tactically~*~*~ (stealth).
 19348 | D:14     | 19348 ||| Stepping ~*~*~tactically~*~*~ (stealth).
 19357 | D:14     | 19357 ||| Stepping ~*~*~tactically~*~*~ (stealth).
 19358 | D:14     | 19358 ||| Stepping ~*~*~tactically~*~*~ (stealth).
 19359 | D:14     | 19359 ||| Stepping ~*~*~tactically~*~*~ (stealth).
 19481 | D:15     | Entered Level 15 of the Dungeon
 19600 | D:15     | 19600 ||| INVOKING Heroism.
 19611 | D:15     | Reached skill level 13 in Fighting
 19795 | D:15     | Found a staircase to the Depths.
 19796 | D:15     | 19796 ||| INVOKING Heroism.
 19803 | D:15     | Received a gift from Okawaru
 19888 | D:15     | Noticed Kirke
 19889 | D:15     | 19889 ||| INVOKING Heroism.
 19890 | D:15     | 19890 ||| INVOKING Finesse.
 19904 | D:15     | Killed Kirke
 19913 | D:15     | 19913 ||| SWAPPING to +0 morningstar.
 19915 | D:15     | 19915 ||| SWAPPING to +4 broad axe of venom.
 20038 | D:15     | Found a shadowy altar of Dithmenos.
 20055 | D:15     | 20055 ||| INVOKING Heroism.
 20058 | D:15     | Paralysed by an orc sorcerer for 2 turns
 20462 | D:15     | Identified Roxanne's Writings on Geology
 20462 | D:15     | Noticed Roxanne
 20463 | D:15     | 20463 ||| INVOKING Heroism.
 20464 | D:15     | 20464 ||| INVOKING Finesse.
 20482 | D:15     | Killed Roxanne
 20565 | D:15     | 20565 ||| PLANNING ORC
 20663 | Orc:1    | Entered Level 1 of the Orcish Mines
 20664 | Orc:1    | 20664 ||| Stepping ~*~*~tactically~*~*~ (hiding).
 20667 | Orc:1    | 20667 ||| INVOKING Heroism.
 20674 | Orc:1    | 20674 ||| Stepping ~*~*~tactically~*~*~ (stealth).
 20681 | Orc:1    | 20681 ||| Stepping ~*~*~tactically~*~*~ (stealth).
 20694 | Orc:1    | 20694 ||| Stepping ~*~*~tactically~*~*~ (hiding).
 20779 | Orc:1    | 20779 ||| INVOKING Heroism.
 20804 | Orc:1    | 20804 ||| Stepping ~*~*~tactically~*~*~ (hiding).
 20812 | Orc:1    | 20812 ||| Stepping ~*~*~tactically~*~*~ (stealth).
 20824 | Orc:1    | 20824 ||| INVOKING Heroism.
 20895 | Orc:1    | 20895 ||| Stepping ~*~*~tactically~*~*~ (hiding).
 20897 | Orc:1    | 20897 ||| Stepping ~*~*~tactically~*~*~ (hiding).
 20904 | Orc:1    | 20904 ||| INVOKING Heroism.
 21081 | Orc:1    | 21081 ||| Stepping ~*~*~tactically~*~*~ (hiding).
 21292 | Orc:2    | Entered Level 2 of the Orcish Mines
 21292 | Orc:2    | Found Foma Diss's Antique Weapon Emporium.
 21292 | Orc:2    | Found Taqo's Jewellery Shop.
 21293 | Orc:2    | 21293 ||| INVOKING Heroism.
 21294 | Orc:2    | Found Zomoidwi's Jewellery Shop.
 21294 | Orc:2    | Found Aled Wuxziq's General Store.
 21314 | Orc:2    | Reached skill level 18 in Axes
 21315 | Orc:2    | Paralysed by an ogre mage for 5 turns
 21328 | Orc:2    | Reached skill level 9 in Shields
 21332 | Orc:2    | Received a gift from Okawaru
 21342 | Orc:2    | Received a gift from Okawaru
 21363 | Orc:2    | 21363 ||| INVOKING Heroism.
 21366 | Orc:2    | Reached skill level 14 in Fighting
 21405 | Orc:2    | 21405 ||| BUYING glowing broad axe (238 gold).
 21405 | Orc:2    | Bought a glowing broad axe for 238 gold pieces
 21405 | Orc:2    | 21405 ||| BUYING twisted broad axe (306 gold).
 21405 | Orc:2    | Bought a twisted broad axe for 306 gold pieces
 21405 | Orc:2    | Identified the +8 broad axe "Giant's Nightmare" {vorpal,
                  | Will- rCorr Int+2} (You bought it in a shop on level 2 of
                  | the Orcish Mines)
 21405 | Orc:2    | 21405 ||| SWAPPING to +8 broad axe "Giant's Nightmare"
                  | {vorpal, Will- rCorr Int+2}.
 21406 | Orc:2    | 21406 ||| DROPPING +2 broad axe of freezing.
 21407 | Orc:2    | 21407 ||| DROPPING +1 vorpal broad axe.
 21409 | Orc:2    | 21409 ||| BUYING ring of see invisible (165 gold).
 21409 | Orc:2    | Bought a ring of see invisible for 165 gold pieces
 21410 | Orc:2    | 21410 ||| BUYING potion of attraction (36 gold).
 21410 | Orc:2    | Bought a potion of attraction for 36 gold pieces
 21410 | Orc:2    | 21410 ||| BUYING potion of attraction (36 gold).
 21410 | Orc:2    | Bought a potion of attraction for 36 gold pieces
 21410 | Orc:2    | 21410 ||| BUYING scroll of teleportation (36 gold).
 21410 | Orc:2    | Bought a scroll of teleportation for 36 gold pieces
 21411 | Orc:2    | 21411 ||| BUYING +4 ring of evasion (396 gold).
 21411 | Orc:2    | Bought a +4 ring of evasion for 396 gold pieces
 21411 | Orc:2    | 21411 ||| BUYING ring of resist corrosion (220 gold).
 21411 | Orc:2    | Bought a ring of resist corrosion for 220 gold pieces
 21428 | Orc:2    | Found Faruor's Jewellery Emporium.
 21434 | Orc:2    | 21434 ||| INVOKING Heroism.
 21449 | Orc:2    | 21449 ||| BUYING ring of ice (275 gold).
 21449 | Orc:2    | Bought a ring of ice for 275 gold pieces
 21449 | Orc:2    | 21449 ||| BUYING ring of protection from cold (275 gold).
 21449 | Orc:2    | Bought a ring of protection from cold for 275 gold pieces
 21449 | Orc:2    | 21449 ||| SHOPLISTING ring of protection from fire (275
                  | gold, have 165).
 21472 | Orc:2    | Reached XP level 17. HP: 111/111 MP: 24/24
 21480 | Orc:2    | 21480 ||| INVOKING Finesse.
 21486 | Orc:2    | 21486 ||| Stepping ~*~*~tactically~*~*~ (stealth).
 21494 | Orc:2    | 21494 ||| INVOKING Heroism.
 21516 | Orc:2    | 21516 ||| Stepping ~*~*~tactically~*~*~ (stealth).
 21549 | Orc:2    | 21549 ||| INVOKING Heroism.
 21550 | Orc:2    | 21550 ||| INVOKING Finesse.
 21593 | Orc:2    | 21593 ||| FLEEEEING.
 21594 | Orc:2    | 21594 ||| FLEEEEING.
 21595 | Orc:2    | 21595 ||| FLEEEEING.
 21596 | Orc:2    | 21596 ||| FLEEEEING.
 21602 | Orc:2    | 21602 ||| FLEEEEING.
 21603 | Orc:2    | 21603 ||| FLEEEEING.
 21610 | Orc:2    | 21610 ||| Stepping ~*~*~tactically~*~*~ (hiding).
 21627 | Orc:2    | 21627 ||| Stepping ~*~*~tactically~*~*~ (stealth).
 21640 | Orc:2    | 21640 ||| FLEEEEING.
 21641 | Orc:2    | 21641 ||| FLEEEEING.
 21643 | Orc:2    | 21643 ||| FLEEEEING.
 21644 | Orc:2    | 21644 ||| FLEEEEING.
 21645 | Orc:2    | 21645 ||| FLEEEEING.
 21646 | Orc:2    | 21646 ||| FLEEEEING.
 21647 | Orc:2    | 21647 ||| STAIRDANCE
 21665 | Orc:1    | 21665 ||| DROPPING ring of see invisible.
 21666 | Orc:1    | 21666 ||| UPGRADING to +4 ring of evasion.
 21668 | Orc:1    | 21668 ||| DROPPING +6 ring of strength.
 21730 | Orc:2    | Reached skill level 12 in Armour
 21853 | Orc:2    | Identified the ring of Gydaf {rC+ Will+ Str+7}
 21887 | Orc:2    | Identified the ring "Mufeykko" {Wiz rF+ rC+}
 22087 | Orc:2    | Found a staircase to the Elven Halls.
 22183 | Orc:2    | 22183 ||| PLANNING SPIDER:1-3
 22183 | Orc:2    | 22183 ||| UPGRADING to +0 kite shield.
 22193 | Orc:2    | 22193 ||| DROPPING +0 buckler.
 22194 | Orc:2    | 22194 ||| DROPPING +0 plate armour.
 22195 | Orc:2    | 22195 ||| DROPPING ring of ice.
 22196 | Orc:2    | 22196 ||| DROPPING ring of protection from cold.
 22197 | Orc:2    | 22197 ||| UPGRADING to ring of Gydaf {rC+ Will+ Str+7}.
 22199 | Orc:2    | 22199 ||| DROPPING +4 ring of evasion.
 22345 | Spider:1 | Entered Level 1 of the Spider Nest
 22346 | Spider:1 | 22346 ||| INVOKING Finesse.
 22400 | Spider:1 | Received a gift from Okawaru
 22543 | Spider:1 | 22543 ||| INVOKING Heroism.
 22580 | Spider:1 | 22580 ||| INVOKING Heroism.
 22583 | Spider:1 | 22583 ||| INVOKING Finesse.
 22643 | Spider:1 | 22643 ||| INVOKING Heroism.
 22655 | Spider:1 | Received a gift from Okawaru
 22744 | Spider:1 | 22744 ||| Stepping ~*~*~tactically~*~*~ (stealth).
 22798 | Spider:1 | 22798 ||| INVOKING Heroism.
 22860 | Spider:1 | 22860 ||| Stepping ~*~*~tactically~*~*~ (stealth).
 23284 | Spider:1 | Noticed Mlioglotl
 23285 | Spider:1 | Noticed a bone dragon
 23285 | Spider:1 | 23285 ||| INVOKING Heroism.
 23286 | Spider:1 | 23286 ||| INVOKING Finesse.
 23304 | Spider:1 | Killed Mlioglotl
 23304 | Spider:1 | Received a gift from Okawaru
 23385 | Spider:2 | 23385 ||| STAIRDANCE
 23396 | Spider:2 | Reached skill level 12 in Shields
 23566 | Spider:2 | 23566 ||| INVOKING Heroism.
 23589 | Spider:2 | Found a runed translucent door.
 23590 | Spider:2 | Noticed Vuykkinei's ghost (adept TrBe)
 23646 | Spider:2 | 23646 ||| Stepping ~*~*~tactically~*~*~ (stealth).
 23673 | Spider:2 | 23673 ||| Stepping ~*~*~tactically~*~*~ (stealth).
 23674 | Spider:2 | 23674 ||| Stepping ~*~*~tactically~*~*~ (stealth).
 23677 | Spider:2 | 23677 ||| Stepping ~*~*~tactically~*~*~ (hiding).
 23687 | Spider:2 | 23687 ||| INVOKING Heroism.
 23786 | Spider:2 | 23786 ||| FLEEEEING.
 23787 | Spider:2 | 23787 ||| FLEEEEING.
 23788 | Spider:2 | 23788 ||| FLEEEEING.
 23789 | Spider:2 | 23789 ||| FLEEEEING.
 23790 | Spider:2 | 23790 ||| FLEEEEING.
 23791 | Spider:2 | 23791 ||| FLEEEEING.
 23792 | Spider:2 | 23792 ||| FLEEEEING.
 23793 | Spider:2 | 23793 ||| STAIRDANCE
 24042 | Spider:2 | 24042 ||| READING scroll of enchant armour.
 24042 | Spider:2 | 24042 ||| ENCHANTING +1 pair of boots.
 24096 | Spider:2 | 24096 ||| Stepping ~*~*~tactically~*~*~ (stealth).
 24098 | Spider:2 | 24098 ||| INVOKING Finesse.
 24099 | Spider:2 | 24099 ||| INVOKING Heroism.
 24309 | Spider:2 | 24309 ||| Stepping ~*~*~tactically~*~*~ (stealth).
 24310 | Spider:2 | 24310 ||| Stepping ~*~*~tactically~*~*~ (stealth).
 24318 | Spider:2 | 24318 ||| Stepping ~*~*~tactically~*~*~ (stealth).
 24720 | Spider:3 | Noticed Nikola
 24720 | Spider:3 | Noticed Asterion
 24721 | Spider:3 | 24721 ||| INVOKING Heroism.
 24722 | Spider:3 | 24722 ||| INVOKING Finesse.
 24723 | Spider:3 | 24723 ||| STAIRDANCE
 24825 | Spider:3 | 24825 ||| STAIRDANCE
 24966 | Spider:3 | 24966 ||| STAIRDANCE
 25106 | Spider:3 | 25106 ||| INVOKING Heroism.
 25107 | Spider:3 | 25107 ||| INVOKING Finesse.
 25110 | Spider:3 | 25110 ||| STAIRDANCE
 25115 | Spider:2 | Killed Asterion
 25152 | Spider:2 | 25152 ||| DROPPING +0 morningstar.
 25168 | Spider:3 | 25168 ||| STAIRDANCE
 25185 | Spider:3 | 25185 ||| STAIRDANCE
 25204 | Spider:3 | 25204 ||| STAIRDANCE
 25224 | Spider:3 | 25224 ||| STAIRDANCE
 25226 | Spider:2 | 25226 ||| INVOKING Heroism.
 25260 | Spider:3 | 25260 ||| STAIRDANCE
 25277 | Spider:3 | 25277 ||| STAIRDANCE
 25279 | Spider:2 | 25279 ||| INVOKING Heroism.
 25289 | Spider:2 | Killed Nikola
 25289 | Spider:2 | Received a gift from Okawaru
 25345 | Spider:3 | 25345 ||| STAIRDANCE
 25380 | Spider:3 | 25380 ||| STAIRDANCE
 25402 | Spider:3 | 25402 ||| FLEEEEING.
 25403 | Spider:3 | 25403 ||| FLEEEEING.
 25404 | Spider:3 | 25404 ||| STAIRDANCE
 25477 | Spider:3 | Received a gift from Okawaru
 25642 | Spider:3 | 25642 ||| Stepping ~*~*~tactically~*~*~ (stealth).
 25890 | Spider:3 | 25890 ||| Stepping ~*~*~tactically~*~*~ (stealth).
 25899 | Spider:3 | 25899 ||| FLEEEEING.
 25900 | Spider:3 | 25900 ||| FLEEEEING.
 25901 | Spider:3 | 25901 ||| FLEEEEING.
 25902 | Spider:3 | 25902 ||| FLEEEEING.
 25903 | Spider:3 | 25903 ||| FLEEEEING.
 25904 | Spider:3 | 25904 ||| FLEEEEING.
 25905 | Spider:3 | 25905 ||| FLEEEEING.
 25906 | Spider:3 | 25906 ||| INVOKING Finesse.
 25916 | Spider:3 | 25916 ||| READING 9 scrolls of teleportation.
 26124 | Spider:3 | 26124 ||| PLANNING SWAMP:1-3
 26241 | Swamp:1  | Entered Level 1 of the Swamp
 26242 | Swamp:1  | 26242 ||| INVOKING Heroism.
 26264 | Swamp:1  | Reached XP level 18. HP: 74/118 MP: 25/25
 26270 | Swamp:1  | Reached skill level 15 in Fighting
 26290 | Swamp:1  | 26290 ||| Stepping ~*~*~tactically~*~*~ (stealth).
 26321 | Swamp:1  | 26321 ||| DROPPING +2 morningstar of draining.
 26327 | Swamp:1  | 26327 ||| Stepping ~*~*~tactically~*~*~ (stealth).
 26336 | Swamp:1  | 26336 ||| Stepping ~*~*~tactically~*~*~ (stealth).
 26345 | Swamp:1  | 26345 ||| INVOKING Heroism.
 26396 | Swamp:1  | 26396 ||| INVOKING Heroism.
 26627 | Swamp:1  | 26627 ||| INVOKING Heroism.
 26792 | Swamp:2  | Reached skill level 15 in Shields
 26811 | Swamp:2  | 26811 ||| Stepping ~*~*~tactically~*~*~ (hiding).
 26833 | Swamp:2  | 26833 ||| Stepping ~*~*~tactically~*~*~ (hiding).
 27094 | Swamp:2  | 27094 ||| FLEEEEING.
 27096 | Swamp:2  | 27096 ||| FLEEEEING.
 27097 | Swamp:2  | 27097 ||| FLEEEEING.
 27098 | Swamp:2  | 27098 ||| FLEEEEING.
 27099 | Swamp:2  | 27099 ||| FLEEEEING.
 27100 | Swamp:2  | 27100 ||| FLEEEEING.
 27390 | Swamp:2  | 27390 ||| DROPPING amulet of guardian spirit.
 27400 | Swamp:3  | 27400 ||| STAIRDANCE
 27424 | Swamp:3  | 27424 ||| INVOKING Heroism.
 27509 | Swamp:3  | 27509 ||| Stepping ~*~*~tactically~*~*~ (hiding).
 27519 | Swamp:3  | 27519 ||| Stepping ~*~*~tactically~*~*~ (cloud).
 27675 | Swamp:3  | 27675 ||| Stepping ~*~*~tactically~*~*~ (stealth).
 27676 | Swamp:3  | 27676 ||| Stepping ~*~*~tactically~*~*~ (stealth).
 27678 | Swamp:3  | 27678 ||| INVOKING Heroism.
 27691 | Swamp:3  | Received a gift from Okawaru
 27726 | Swamp:3  | 27726 ||| INVOKING Finesse.
 27730 | Swamp:3  | 27730 ||| INVOKING Heroism.
 27737 | Swamp:3  | Reached skill level 16 in Fighting
 27789 | Swamp:3  | 27789 ||| READING scroll of enchant armour.
 27789 | Swamp:3  | 27789 ||| ENCHANTING +1 cloak.
 27824 | Swamp:3  | Identified the +7 short sword of Boixtu {elec, rF+ rN++}
 28075 | Swamp:3  | 28075 ||| PLANNING SPIDER:4
 28075 | Swamp:3  | 28075 ||| DROPPING ring of wizardry.
 28245 | Spider:4 | Entered Level 4 of the Spider Nest
 28246 | Spider:4 | 28246 ||| STAIRDANCE
 28248 | Spider:3 | 28248 ||| INVOKING Heroism.
 28264 | Spider:4 | 28264 ||| STAIRDANCE
 28288 | Spider:4 | Noticed Louise
 28301 | Spider:4 | Killed Louise
 28301 | Spider:4 | Received a gift from Okawaru
 28355 | Spider:4 | Noticed Bai Suzhen
 28356 | Spider:4 | 28356 ||| INVOKING Heroism.
 28357 | Spider:4 | 28357 ||| INVOKING Finesse.
 28382 | Spider:4 | Killed Bai Suzhen
 28383 | Spider:4 | 28383 ||| Stepping ~*~*~tactically~*~*~ (cloud).
 28401 | Spider:4 | 28401 ||| Stepping ~*~*~tactically~*~*~ (stealth).
 28402 | Spider:4 | 28402 ||| Stepping ~*~*~tactically~*~*~ (stealth).
 28403 | Spider:4 | 28403 ||| Stepping ~*~*~tactically~*~*~ (stealth).
 28421 | Spider:4 | Identified the +6 lajatang of Lowiannoly {venom, rElec rN+}
                  | (Okawaru gifted it to you on level 4 of the Spider Nest)
 28421 | Spider:4 | Received a gift from Okawaru
 28438 | Spider:4 | 28438 ||| INVOKING Heroism.
 28562 | Spider:4 | 28562 ||| Stepping ~*~*~tactically~*~*~ (stealth).
 28566 | Spider:4 | 28566 ||| INVOKING Heroism.
 28668 | Spider:4 | 28668 ||| INVOKING Finesse.
 28669 | Spider:4 | 28669 ||| INVOKING Heroism.
 28670 | Spider:4 | 28670 ||| Stepping ~*~*~tactically~*~*~ (hiding).
 28698 | Spider:4 | 28698 ||| INVOKING Finesse.
 28707 | Spider:4 | 28707 ||| UPGRADING to +0 tower shield.
 28717 | Spider:4 | 28717 ||| DROPPING +0 kite shield.
 28943 | Spider:4 | 28943 ||| Stepping ~*~*~tactically~*~*~ (stealth).
 28949 | Spider:4 | 28949 ||| Stepping ~*~*~tactically~*~*~ (hiding).
 29064 | Spider:4 | 29064 ||| Stepping ~*~*~tactically~*~*~ (stealth).
 29065 | Spider:4 | 29065 ||| Stepping ~*~*~tactically~*~*~ (stealth).
 29081 | Spider:4 | 29081 ||| Stepping ~*~*~tactically~*~*~ (stealth).
 29082 | Spider:4 | 29082 ||| Stepping ~*~*~tactically~*~*~ (stealth).
 29201 | Spider:4 | 29201 ||| Stepping ~*~*~tactically~*~*~ (stealth).
 29330 | Spider:4 | 29330 ||| Stepping ~*~*~tactically~*~*~ (stealth).
 29334 | Spider:4 | 29334 ||| INVOKING Heroism.
 29438 | Spider:4 | 29438 ||| INVOKING Heroism.
 29446 | Spider:4 | Reached XP level 19. HP: 112/127 MP: 1/26
 29452 | Spider:4 | Received a gift from Okawaru
 29601 | Spider:4 | 29601 ||| DROPPING +0 pair of gloves of strength.
 29617 | Spider:4 | Got a gossamer rune of Zot
 29644 | Spider:4 | 29644 ||| PLANNING VAULTS:1-4
 29644 | Spider:4 | 29644 ||| SWAPPING to +4 broad axe of venom.
 29645 | Spider:4 | 29645 ||| READING 2 scrolls of enchant weapon.
 29645 | Spider:4 | 29645 ||| ENCHANTING +4 broad axe of venom.
 29646 | Spider:4 | 29646 ||| READING scroll of enchant weapon.
 29646 | Spider:4 | 29646 ||| ENCHANTING +5 broad axe of venom.
 29647 | Spider:4 | 29647 ||| READING scroll of brand weapon.
 29647 | Spider:4 | 29647 ||| BRANDING +6 broad axe of venom.
 29670 | Spider:4 | 29670 ||| INVOKING Heroism.
 29676 | Spider:4 | 29676 ||| INVOKING Finesse.
 30029 | Vaults:1 | Entered Level 1 of the Vaults
 30030 | Vaults:1 | 30030 ||| INVOKING Heroism.
 30038 | Vaults:1 | Received a gift from Okawaru
 30110 | Vaults:1 | 30110 ||| INVOKING Heroism.
 30443 | Vaults:1 | 30443 ||| Stepping ~*~*~tactically~*~*~ (hiding).
 30447 | Vaults:1 | 30447 ||| INVOKING Heroism.
 30550 | Vaults:1 | Found a portal to a secret trove of treasure.
 30561 | Vaults:1 | Identified the +10 shortbow of Cruel Justice {venom, MP+9
                  | Int+4 Dex+4}
 30640 | Vaults:1 | 30640 ||| Stepping ~*~*~tactically~*~*~ (hiding).
 30750 | Vaults:1 | 30750 ||| Stepping ~*~*~tactically~*~*~ (hiding).
 30802 | Vaults:1 | 30802 ||| Stepping ~*~*~tactically~*~*~ (hiding).
 30811 | Vaults:1 | 30811 ||| INVOKING Heroism.
 30825 | Vaults:1 | 30825 ||| INVOKING Finesse.
 30839 | Vaults:1 | Reached skill level 18 in Shields
 30876 | Vaults:1 | 30876 ||| Stepping ~*~*~tactically~*~*~ (stealth).
 30879 | Vaults:1 | 30879 ||| Stepping ~*~*~tactically~*~*~ (stealth).
 30893 | Vaults:1 | Received a gift from Okawaru
 30893 | Vaults:1 | Found the -2 hat of the Alchemist {rElec rPois rF+ rC+ rN+
                  | Will+ rMut rCorr}
 30954 | Vaults:1 | 30954 ||| Stepping ~*~*~tactically~*~*~ (stealth).
 30957 | Vaults:1 | 30957 ||| Stepping ~*~*~tactically~*~*~ (stealth).
 30966 | Vaults:1 | 30966 ||| Stepping ~*~*~tactically~*~*~ (stealth).
 30970 | Vaults:1 | 30970 ||| INVOKING Heroism.
 31090 | Vaults:1 | 31090 ||| READING scroll of enchant weapon.
 31090 | Vaults:1 | 31090 ||| ENCHANTING +6 broad axe of draining.
 31344 | Vaults:1 | 31344 ||| DROPPING scarf of invisibility.
 31345 | Vaults:1 | 31345 ||| UPGRADING to -2 hat of the Alchemist {rElec rPois
                  | rF+ rC+ rN+ Will+ rMut rCorr}.
 31355 | Vaults:1 | 31355 ||| DROPPING +4 ring of protection.
 31442 | Vaults:2 | 31442 ||| INVOKING Heroism.
 31478 | Vaults:2 | 31478 ||| Stepping ~*~*~tactically~*~*~ (stealth).
 31499 | Vaults:2 | 31499 ||| Stepping ~*~*~tactically~*~*~ (stealth).
 31532 | Vaults:2 | 31532 ||| INVOKING Heroism.
 31610 | Vaults:2 | 31610 ||| READING 12 scrolls of teleportation.
 31612 | Vaults:2 | 31612 ||| FLEEEEING.
 31613 | Vaults:2 | 31613 ||| FLEEEEING.
 31621 | Vaults:2 | Reached skill level 17 in Fighting
 31653 | Vaults:2 | 31653 ||| INVOKING Heroism.
 31660 | Vaults:2 | 31660 ||| Stepping ~*~*~tactically~*~*~ (hiding).
 31679 | Vaults:2 | 31679 ||| Stepping ~*~*~tactically~*~*~ (hiding).
 31683 | Vaults:2 | 31683 ||| Stepping ~*~*~tactically~*~*~ (hiding).
 31685 | Vaults:2 | 31685 ||| Stepping ~*~*~tactically~*~*~ (hiding).
 31727 | Vaults:2 | Found Efyafaow's Weapon Emporium.
 31737 | Vaults:2 | Identified the +4 chain mail "Himux" {rElec Int+2}
 31835 | Vaults:2 | 31835 ||| INVOKING Heroism.
 31924 | Vaults:2 | 31924 ||| INVOKING Heroism.
 31988 | Vaults:2 | 31988 ||| Stepping ~*~*~tactically~*~*~ (hiding).
 31989 | Vaults:2 | 31989 ||| Stepping ~*~*~tactically~*~*~ (hiding).
 31990 | Vaults:2 | 31990 ||| INVOKING Heroism.
 31991 | Vaults:2 | 31991 ||| INVOKING Finesse.
 32050 | Vaults:2 | 32050 ||| Stepping ~*~*~tactically~*~*~ (hiding).
 32053 | Vaults:2 | 32053 ||| Stepping ~*~*~tactically~*~*~ (hiding).
 32054 | Vaults:2 | 32054 ||| Stepping ~*~*~tactically~*~*~ (hiding).
 32264 | Vaults:2 | 32264 ||| INVOKING Heroism.
 32277 | Vaults:2 | Reached XP level 20. HP: 130/134 MP: 27/27
 32288 | Vaults:2 | 32288 ||| Stepping ~*~*~tactically~*~*~ (stealth).
 32289 | Vaults:2 | 32289 ||| Stepping ~*~*~tactically~*~*~ (stealth).
 32395 | Vaults:3 | 32395 ||| INVOKING Heroism.
 32397 | Vaults:3 | 32397 ||| STAIRDANCE
 32406 | Vaults:3 | Received a gift from Okawaru
 32412 | Vaults:3 | Found Vained's Assorted Antiques.
 32421 | Vaults:3 | 32421 ||| Stepping ~*~*~tactically~*~*~ (stealth).
 32422 | Vaults:3 | 32422 ||| Stepping ~*~*~tactically~*~*~ (stealth).
 32426 | Vaults:3 | 32426 ||| Stepping ~*~*~tactically~*~*~ (hiding).
 32434 | Vaults:3 | 32434 ||| Stepping ~*~*~tactically~*~*~ (hiding).
 32435 | Vaults:3 | 32435 ||| Stepping ~*~*~tactically~*~*~ (hiding).
 32450 | Vaults:3 | 32450 ||| Stepping ~*~*~tactically~*~*~ (hiding).
 32457 | Vaults:3 | 32457 ||| Stepping ~*~*~tactically~*~*~ (hiding).
 32458 | Vaults:3 | 32458 ||| INVOKING Heroism.
 32486 | Vaults:3 | 32486 ||| BUYING potion of curing (72 gold).
 32486 | Vaults:3 | Bought a potion of curing for 72 gold pieces
 32486 | Vaults:3 | 32486 ||| BUYING potion of heal wounds (120 gold).
 32486 | Vaults:3 | Bought a potion of heal wounds for 120 gold pieces
 32543 | Vaults:3 | 32543 ||| Stepping ~*~*~tactically~*~*~ (stealth).
 32547 | Vaults:3 | 32547 ||| INVOKING Heroism.
 32570 | Vaults:3 | Identified the +1 battleaxe of Traps {venom, rF++ rC+ Will-
                  | SInv} (Okawaru gifted it to you on level 3 of the Vaults)
 32570 | Vaults:3 | Received a gift from Okawaru
 32671 | Vaults:3 | 32671 ||| Stepping ~*~*~tactically~*~*~ (stealth).
 32673 | Vaults:3 | 32673 ||| INVOKING Heroism.
 32709 | Vaults:3 | 32709 ||| Stepping ~*~*~tactically~*~*~ (hiding).
 32797 | Vaults:3 | 32797 ||| Stepping ~*~*~tactically~*~*~ (hiding).
 32813 | Vaults:3 | 32813 ||| FLEEEEING.
 32831 | Vaults:3 | 32831 ||| Stepping ~*~*~tactically~*~*~ (hiding).
 32832 | Vaults:3 | 32832 ||| Stepping ~*~*~tactically~*~*~ (hiding).
 32890 | Vaults:3 | 32890 ||| INVOKING Heroism.
 32911 | Vaults:3 | Reached skill level 18 in Fighting
 32961 | Vaults:3 | 32961 ||| INVOKING Heroism.
 32975 | Vaults:3 | Received a gift from Okawaru
 32994 | Vaults:3 | Reached skill level 9 in Throwing
 33012 | Vaults:3 | 33012 ||| Stepping ~*~*~tactically~*~*~ (hiding).
 33065 | Vaults:3 | 33065 ||| INVOKING Heroism.
 33092 | Vaults:3 | 33092 ||| READING 13 scrolls of teleportation.
 33129 | Vaults:3 | Found a staircase to the Crypt.
 33253 | Vaults:3 | 33253 ||| Stepping ~*~*~tactically~*~*~ (hiding).
 33453 | Vaults:3 | 33453 ||| Stepping ~*~*~tactically~*~*~ (hiding).
 33535 | Vaults:3 | 33535 ||| Stepping ~*~*~tactically~*~*~ (stealth).
 33679 | Vaults:3 | 33679 ||| INVOKING Heroism.
 33745 | Vaults:3 | 33745 ||| DROPPING +2 pair of gloves.
 33910 | Vaults:2 | 33910 ||| INVOKING Heroism.
 33914 | Vaults:2 | 33914 ||| INVOKING Finesse.
 33926 | Vaults:2 | Reached skill level 6 in Dodging
 34056 | Vaults:4 | 34056 ||| Stepping ~*~*~tactically~*~*~ (stealth).
 34057 | Vaults:4 | 34057 ||| Stepping ~*~*~tactically~*~*~ (hiding).
 34058 | Vaults:4 | 34058 ||| Stepping ~*~*~tactically~*~*~ (hiding).
 34059 | Vaults:4 | 34059 ||| Stepping ~*~*~tactically~*~*~ (hiding).
 34060 | Vaults:4 | 34060 ||| INVOKING Heroism.
 34067 | Vaults:4 | Received a gift from Okawaru
 34073 | Vaults:4 | 34073 ||| Stepping ~*~*~tactically~*~*~ (hiding).
 34092 | Vaults:4 | 34092 ||| DROPPING +0 broad axe of electrocution.
 34131 | Vaults:4 | 34131 ||| Stepping ~*~*~tactically~*~*~ (stealth).
 34136 | Vaults:4 | 34136 ||| Stepping ~*~*~tactically~*~*~ (stealth).
 34170 | Vaults:4 | 34170 ||| INVOKING Heroism.
 34195 | Vaults:4 | 34195 ||| READING 12 scrolls of teleportation.
 34208 | Vaults:4 | 34208 ||| Stepping ~*~*~tactically~*~*~ (hiding).
 34209 | Vaults:4 | 34209 ||| Stepping ~*~*~tactically~*~*~ (hiding).
 34210 | Vaults:4 | 34210 ||| Stepping ~*~*~tactically~*~*~ (stealth).
 34211 | Vaults:4 | 34211 ||| INVOKING Heroism.
 34229 | Vaults:4 | Reached skill level 15 in Armour
 34237 | Vaults:4 | Reached XP level 21. HP: 141/141 MP: 28/28
 34241 | Vaults:4 | 34241 ||| READING 11 scrolls of teleportation.
 34305 | Vaults:4 | 34305 ||| Stepping ~*~*~tactically~*~*~ (hiding).
 34328 | Vaults:4 | 34328 ||| Stepping ~*~*~tactically~*~*~ (stealth).
 34347 | Vaults:4 | 34347 ||| FLEEEEING.
 34348 | Vaults:4 | 34348 ||| FLEEEEING.
 34349 | Vaults:4 | 34349 ||| FLEEEEING.
 34350 | Vaults:4 | 34350 ||| FLEEEEING.
 34351 | Vaults:4 | 34351 ||| FLEEEEING.
 34352 | Vaults:4 | 34352 ||| FLEEEEING.
 34353 | Vaults:4 | 34353 ||| FLEEEEING.
 34354 | Vaults:4 | 34354 ||| FLEEEEING.
 34355 | Vaults:4 | 34355 ||| FLEEEEING.
 34356 | Vaults:4 | 34356 ||| FLEEEEING.
 34357 | Vaults:4 | 34357 ||| FLEEEEING.
 34358 | Vaults:4 | 34358 ||| FLEEEEING.
 34361 | Vaults:4 | 34361 ||| FLEEEEING.
 34362 | Vaults:4 | 34362 ||| FLEEEEING.
 34364 | Vaults:4 | 34364 ||| FLEEEEING.
 34365 | Vaults:4 | 34365 ||| FLEEEEING.
 34367 | Vaults:4 | 34367 ||| Stepping ~*~*~tactically~*~*~ (hiding).
 34368 | Vaults:4 | 34368 ||| FLEEEEING.
 34369 | Vaults:4 | 34369 ||| Stepping ~*~*~tactically~*~*~ (hiding).
 34370 | Vaults:4 | 34370 ||| FLEEEEING.
 34371 | Vaults:4 | 34371 ||| INVOKING Heroism.
 34377 | Vaults:4 | 34377 ||| Stepping ~*~*~tactically~*~*~ (hiding).
 34395 | Vaults:4 | Identified the +5 war axe of the Jester {vorpal, Int+2}
                  | (Okawaru gifted it to you on level 4 of the Vaults)
 34395 | Vaults:4 | Received a gift from Okawaru
 34418 | Vaults:4 | 34418 ||| Stepping ~*~*~tactically~*~*~ (hiding).
 34420 | Vaults:4 | 34420 ||| Stepping ~*~*~tactically~*~*~ (hiding).
 34421 | Vaults:4 | 34421 ||| Stepping ~*~*~tactically~*~*~ (hiding).
 34424 | Vaults:4 | 34424 ||| Stepping ~*~*~tactically~*~*~ (hiding).
 34541 | Vaults:4 | 34541 ||| READING scroll of brand weapon.
 34541 | Vaults:4 | 34541 ||| BRANDING +7 broad axe of draining.
 34745 | Vaults:4 | 34745 ||| Stepping ~*~*~tactically~*~*~ (hiding).
 34746 | Vaults:4 | 34746 ||| Stepping ~*~*~tactically~*~*~ (hiding).
 34822 | Vaults:4 | 34822 ||| INVOKING Heroism.
 34925 | Vaults:4 | 34925 ||| INVOKING Heroism.
 34930 | Vaults:4 | Reached skill level 19 in Fighting
 34999 | Vaults:4 | 34999 ||| READING 11 scrolls of teleportation.
 35001 | Vaults:4 | 35001 ||| FLEEEEING.
 35002 | Vaults:4 | 35002 ||| FLEEEEING.
 35003 | Vaults:4 | 35003 ||| INVOKING Heroism.
 35004 | Vaults:4 | 35004 ||| INVOKING Finesse.
 35044 | Vaults:4 | Received a gift from Okawaru
 35046 | Vaults:4 | 35046 ||| Stepping ~*~*~tactically~*~*~ (hiding).
 35128 | Vaults:4 | Identified the +4 leather armour "Cuovueph" {Dex+3}
 35307 | Vaults:4 | 35307 ||| FLEEEEING.
 35310 | Vaults:4 | 35310 ||| FLEEEEING.
 35311 | Vaults:4 | 35311 ||| FLEEEEING.
 35312 | Vaults:4 | 35312 ||| FLEEEEING.
 35313 | Vaults:4 | 35313 ||| FLEEEEING.
 35314 | Vaults:4 | 35314 ||| FLEEEEING.
 35315 | Vaults:4 | 35315 ||| FLEEEEING.
 35316 | Vaults:4 | 35316 ||| FLEEEEING.
 35317 | Vaults:4 | 35317 ||| FLEEEEING.
 35318 | Vaults:4 | 35318 ||| FLEEEEING.
 35324 | Vaults:4 | 35324 ||| FLEEEEING.
 35325 | Vaults:4 | 35325 ||| FLEEEEING.
 35329 | Vaults:4 | 35329 ||| STAIRDANCE
 35341 | Vaults:3 | 35341 ||| Stepping ~*~*~tactically~*~*~ (hiding).
 35516 | Vaults:4 | 35516 ||| Stepping ~*~*~tactically~*~*~ (hiding).
 35768 | Vaults:4 | 35768 ||| Stepping ~*~*~tactically~*~*~ (hiding).
 35784 | Vaults:4 | 35784 ||| Stepping ~*~*~tactically~*~*~ (hiding).
 35895 | Vaults:4 | 35895 ||| Stepping ~*~*~tactically~*~*~ (stealth).
 35898 | Vaults:4 | 35898 ||| Stepping ~*~*~tactically~*~*~ (stealth).
 35946 | Vaults:4 | 35946 ||| PLANNING SWAMP:4
 36315 | Swamp:4  | Entered Level 4 of the Swamp
 36324 | Swamp:4  | 36324 ||| INVOKING Heroism.
 36332 | Swamp:4  | Identified the +2 cloak "Waliysi" {rF+} (Okawaru gifted it
                  | to you on level 4 of the Swamp)
 36332 | Swamp:4  | Received a gift from Okawaru
 36423 | Swamp:4  | 36423 ||| READING scroll of enchant weapon.
 36423 | Swamp:4  | 36423 ||| ENCHANTING +7 vorpal broad axe.
 36447 | Swamp:4  | 36447 ||| Stepping ~*~*~tactically~*~*~ (hiding).
 36451 | Swamp:4  | 36451 ||| Stepping ~*~*~tactically~*~*~ (stealth).
 36462 | Swamp:4  | 36462 ||| INVOKING Heroism.
 36472 | Swamp:4  | 36472 ||| Stepping ~*~*~tactically~*~*~ (stealth).
 36473 | Swamp:4  | 36473 ||| Stepping ~*~*~tactically~*~*~ (stealth).
 36481 | Swamp:4  | 36481 ||| Stepping ~*~*~tactically~*~*~ (hiding).
 36490 | Swamp:4  | 36490 ||| Stepping ~*~*~tactically~*~*~ (stealth).
 36492 | Swamp:4  | 36492 ||| Stepping ~*~*~tactically~*~*~ (stealth).
 36510 | Swamp:4  | 36510 ||| FLEEEEING.
 36511 | Swamp:4  | 36511 ||| Stepping ~*~*~tactically~*~*~ (hiding).
 36512 | Swamp:4  | 36512 ||| FLEEEEING.
 36513 | Swamp:4  | 36513 ||| FLEEEEING.
 36514 | Swamp:4  | 36514 ||| Stepping ~*~*~tactically~*~*~ (hiding).
 36515 | Swamp:4  | 36515 ||| Stepping ~*~*~tactically~*~*~ (hiding).
 36517 | Swamp:4  | 36517 ||| Stepping ~*~*~tactically~*~*~ (hiding).
 36518 | Swamp:4  | 36518 ||| Stepping ~*~*~tactically~*~*~ (hiding).
 36519 | Swamp:4  | 36519 ||| Stepping ~*~*~tactically~*~*~ (hiding).
 36522 | Swamp:4  | 36522 ||| INVOKING Heroism.
 36566 | Swamp:4  | 36566 ||| Stepping ~*~*~tactically~*~*~ (stealth).
 36567 | Swamp:4  | 36567 ||| Stepping ~*~*~tactically~*~*~ (stealth).
 36689 | Swamp:4  | 36689 ||| Stepping ~*~*~tactically~*~*~ (stealth).
 36709 | Swamp:4  | Got a decaying rune of Zot
 36721 | Swamp:4  | 36721 ||| Stepping ~*~*~tactically~*~*~ (stealth).
 36723 | Swamp:4  | 36723 ||| Stepping ~*~*~tactically~*~*~ (stealth).
 36782 | Swamp:4  | 36782 ||| Stepping ~*~*~tactically~*~*~ (stealth).
 36784 | Swamp:4  | 36784 ||| Stepping ~*~*~tactically~*~*~ (hiding).
 36808 | Swamp:4  | 36808 ||| Stepping ~*~*~tactically~*~*~ (stealth).
 36813 | Swamp:4  | 36813 ||| FLEEEEING.
 36814 | Swamp:4  | 36814 ||| FLEEEEING.
 36815 | Swamp:4  | 36815 ||| FLEEEEING.
 36816 | Swamp:4  | 36816 ||| FLEEEEING.
 36817 | Swamp:4  | 36817 ||| FLEEEEING.
 36818 | Swamp:4  | 36818 ||| FLEEEEING.
 36819 | Swamp:4  | 36819 ||| FLEEEEING.
 36822 | Swamp:4  | 36822 ||| FLEEEEING.
 36824 | Swamp:4  | 36824 ||| FLEEEEING.
 36825 | Swamp:4  | 36825 ||| FLEEEEING.
 36826 | Swamp:4  | 36826 ||| STAIRDANCE
 36826 | Swamp:4  | Noticed the 27-headed Lernaean hydra
 36928 | Swamp:3  | 36928 ||| UPGRADING to +2 cloak "Waliysi" {rF+}.
 36938 | Swamp:3  | 36938 ||| DROPPING +2 cloak.
 36942 | Swamp:4  | 36942 ||| STAIRDANCE
 36982 | Swamp:4  | 36982 ||| INVOKING Heroism.
 36985 | Swamp:4  | HP: 33/144 [the 27-headed Lernaean hydra (7)]
 36986 | Swamp:4  | 36986 ||| READING 10 scrolls of teleportation.
 36987 | Swamp:4  | 36987 ||| DRINKING 4 potions of heal wounds.
 37016 | Swamp:4  | Killed the 26-headed Lernaean hydra
 37021 | Swamp:4  | 37021 ||| Stepping ~*~*~tactically~*~*~ (stealth).
 37107 | Swamp:4  | 37107 ||| INVOKING Heroism.
 37185 | Swamp:4  | 37185 ||| Stepping ~*~*~tactically~*~*~ (hiding).
 37187 | Swamp:4  | 37187 ||| INVOKING Heroism.
 37220 | Swamp:4  | 37220 ||| INVOKING Heroism.
 37442 | Swamp:4  | 37442 ||| PLANNING DEPTHS
 37442 | Swamp:4  | 37442 ||| DROPPING +1 pair of boots.
 37712 | Depths:1 | Entered Level 1 of the Depths
 37876 | Depths:1 | 37876 ||| Stepping ~*~*~tactically~*~*~ (hiding).
 37898 | Depths:1 | 37898 ||| INVOKING Heroism.
 37905 | Depths:1 | 37905 ||| Stepping ~*~*~tactically~*~*~ (hiding).
 37906 | Depths:1 | 37906 ||| Stepping ~*~*~tactically~*~*~ (hiding).
 37928 | Depths:1 | Reached skill level 20 in Fighting
 37937 | Depths:1 | Found a glowing golden altar of the Shining One.
 38025 | Depths:1 | Found a gateway to Hell.
 38112 | Depths:1 | 38112 ||| INVOKING Heroism.
 38170 | Depths:1 | Found a one-way gateway to a ziggurat.
 38209 | Depths:1 | 38209 ||| Stepping ~*~*~tactically~*~*~ (hiding).
 38235 | Depths:1 | 38235 ||| Stepping ~*~*~tactically~*~*~ (hiding).
 38249 | Depths:1 | 38249 ||| INVOKING Heroism.
 38263 | Depths:1 | Reached XP level 22. HP: 152/152 MP: 29/29
 38291 | Depths:1 | Found a one-way gate leading to the halls of Pandemonium.
 38331 | Depths:1 | Paralysed by a floating eye for 4 turns
 38668 | Depths:2 | 38668 ||| INVOKING Heroism.
 38669 | Depths:2 | 38669 ||| INVOKING Finesse.
 38732 | Depths:2 | 38732 ||| Stepping ~*~*~tactically~*~*~ (stealth).
 38743 | Depths:2 | 38743 ||| Stepping ~*~*~tactically~*~*~ (hiding).
 38744 | Depths:2 | 38744 ||| Stepping ~*~*~tactically~*~*~ (hiding).
 38745 | Depths:2 | 38745 ||| Stepping ~*~*~tactically~*~*~ (hiding).
 38746 | Depths:2 | 38746 ||| Stepping ~*~*~tactically~*~*~ (hiding).
 38751 | Depths:2 | 38751 ||| Stepping ~*~*~tactically~*~*~ (hiding).
 38752 | Depths:2 | 38752 ||| Stepping ~*~*~tactically~*~*~ (hiding).
 38753 | Depths:2 | 38753 ||| Stepping ~*~*~tactically~*~*~ (hiding).
 38767 | Depths:2 | 38767 ||| Stepping ~*~*~tactically~*~*~ (stealth).
 38780 | Depths:2 | 38780 ||| Stepping ~*~*~tactically~*~*~ (hiding).
 38832 | Depths:2 | 38832 ||| Stepping ~*~*~tactically~*~*~ (hiding).
 38846 | Depths:2 | 38846 ||| Stepping ~*~*~tactically~*~*~ (stealth).
 38863 | Depths:2 | 38863 ||| INVOKING Heroism.
 38884 | Depths:2 | 38884 ||| Stepping ~*~*~tactically~*~*~ (hiding).
 38885 | Depths:2 | Received a gift from Okawaru
 38895 | Depths:2 | 38895 ||| Stepping ~*~*~tactically~*~*~ (hiding).
 38899 | Depths:2 | 38899 ||| INVOKING Finesse.
 38962 | Depths:2 | 38962 ||| Stepping ~*~*~tactically~*~*~ (stealth).
 38963 | Depths:2 | 38963 ||| Stepping ~*~*~tactically~*~*~ (stealth).
 38964 | Depths:2 | 38964 ||| Stepping ~*~*~tactically~*~*~ (stealth).
 39023 | Depths:2 | 39023 ||| INVOKING Heroism.
 39024 | Depths:2 | 39024 ||| INVOKING Finesse.
 39227 | Depths:2 | 39227 ||| INVOKING Heroism.
 39254 | Depths:2 | 39254 ||| Stepping ~*~*~tactically~*~*~ (hiding).
 39260 | Depths:2 | 39260 ||| INVOKING Finesse.
 39262 | Depths:2 | Received a gift from Okawaru
 39293 | Depths:2 | Identified the +1 steam dragon scales "Qoppeil" {Harm}
 39350 | Depths:2 | 39350 ||| Stepping ~*~*~tactically~*~*~ (stealth).
 39353 | Depths:2 | 39353 ||| Stepping ~*~*~tactically~*~*~ (stealth).
 39368 | Depths:2 | Reached skill level 21 in Shields
 39458 | Depths:2 | 39458 ||| Stepping ~*~*~tactically~*~*~ (hiding).
 39460 | Depths:2 | 39460 ||| Stepping ~*~*~tactically~*~*~ (hiding).
 39611 | Depths:3 | 39611 ||| INVOKING Heroism.
 39685 | Depths:3 | 39685 ||| INVOKING Heroism.
 39709 | Depths:3 | Received a gift from Okawaru
 39712 | Depths:3 | 39712 ||| Stepping ~*~*~tactically~*~*~ (hiding).
 39736 | Depths:3 | 39736 ||| Stepping ~*~*~tactically~*~*~ (hiding).
 39737 | Depths:3 | 39737 ||| Stepping ~*~*~tactically~*~*~ (hiding).
 39743 | Depths:3 | 39743 ||| INVOKING Heroism.
 39762 | Depths:3 | Noticed Vv
 39763 | Depths:3 | 39763 ||| DRINKING 6 potions of resistance.
 39764 | Depths:3 | 39764 ||| INVOKING Finesse.
 39794 | Depths:3 | Killed Vv
 39798 | Depths:3 | 39798 ||| Stepping ~*~*~tactically~*~*~ (stealth).
 39824 | Depths:3 | Reached skill level 21 in Fighting
 39857 | Depths:3 | 39857 ||| INVOKING Heroism.
 39953 | Depths:3 | 39953 ||| Stepping ~*~*~tactically~*~*~ (hiding).
 39963 | Depths:3 | 39963 ||| INVOKING Heroism.
 40080 | Depths:3 | 40080 ||| INVOKING Heroism.
 40126 | Depths:3 | 40126 ||| Stepping ~*~*~tactically~*~*~ (hiding).
 40263 | Depths:3 | 40263 ||| Stepping ~*~*~tactically~*~*~ (stealth).
 40264 | Depths:3 | 40264 ||| Stepping ~*~*~tactically~*~*~ (stealth).
 40266 | Depths:3 | 40266 ||| Stepping ~*~*~tactically~*~*~ (stealth).
 40267 | Depths:3 | 40267 ||| Stepping ~*~*~tactically~*~*~ (stealth).
 40268 | Depths:3 | 40268 ||| Stepping ~*~*~tactically~*~*~ (stealth).
 40279 | Depths:3 | 40279 ||| INVOKING Heroism.
 40280 | Depths:3 | 40280 ||| INVOKING Finesse.
 40536 | Depths:3 | 40536 ||| Stepping ~*~*~tactically~*~*~ (hiding).
 40665 | Depths:4 | Entered Level 4 of the Depths
 40667 | Depths:4 | 40667 ||| INVOKING Heroism.
 40668 | Depths:4 | 40668 ||| INVOKING Finesse.
 40749 | Depths:4 | 40749 ||| Stepping ~*~*~tactically~*~*~ (hiding).
 40784 | Depths:4 | 40784 ||| Stepping ~*~*~tactically~*~*~ (hiding).
 40796 | Depths:4 | 40796 ||| INVOKING Heroism.
 40799 | Depths:4 | Reached skill level 12 in Throwing
 40799 | Depths:4 | 40799 ||| Stepping ~*~*~tactically~*~*~ (hiding).
 40814 | Depths:4 | 40814 ||| INVOKING Heroism.
 40815 | Depths:4 | 40815 ||| Stepping ~*~*~tactically~*~*~ (stealth).
 40827 | Depths:4 | Paralysed by a floating eye for 2 turns
 40887 | Depths:4 | 40887 ||| Stepping ~*~*~tactically~*~*~ (stealth).
 40914 | Depths:4 | Found a gate to the Realm of Zot.
 40917 | Depths:4 | 40917 ||| INVOKING Heroism.
 40941 | Depths:4 | Received a gift from Okawaru
 40944 | Depths:4 | 40944 ||| INVOKING Finesse.
 40958 | Depths:4 | 40958 ||| INVOKING Heroism.
 41093 | Depths:4 | 41093 ||| Stepping ~*~*~tactically~*~*~ (hiding).
 41109 | Depths:4 | Reached skill level 18 in Armour
 41237 | Depths:4 | 41237 ||| INVOKING Heroism.
 41238 | Depths:4 | 41238 ||| INVOKING Finesse.
 41240 | Depths:4 | Reached XP level 23. HP: 160/160 MP: 22/30
 41247 | Depths:4 | Received a gift from Okawaru
 41295 | Depths:4 | 41295 ||| FLEEEEING.
 41296 | Depths:4 | 41296 ||| INVOKING Finesse.
 41298 | Depths:4 | 41298 ||| INVOKING Heroism.
 41323 | Depths:4 | Received a gift from Okawaru
 41329 | Depths:4 | 41329 ||| Stepping ~*~*~tactically~*~*~ (hiding).
 41330 | Depths:4 | 41330 ||| Stepping ~*~*~tactically~*~*~ (hiding).
 41332 | Depths:4 | 41332 ||| Stepping ~*~*~tactically~*~*~ (hiding).
 41339 | Depths:4 | 41339 ||| Stepping ~*~*~tactically~*~*~ (hiding).
 41341 | Depths:4 | 41341 ||| Stepping ~*~*~tactically~*~*~ (hiding).
 41669 | Depths:4 | 41669 ||| PLANNING VAULTS:5
 42022 | Vaults:5 | Entered Level 5 of the Vaults
 42023 | Vaults:5 | 42023 ||| INVOKING Heroism.
 42024 | Vaults:5 | 42024 ||| STAIRDANCE
 42038 | Vaults:5 | 42038 ||| STAIRDANCE
 42050 | Vaults:4 | Received a gift from Okawaru
 42075 | Vaults:5 | 42075 ||| STAIRDANCE
 42077 | Vaults:4 | 42077 ||| INVOKING Heroism.
 42096 | Vaults:4 | Reached skill level 22 in Fighting
 42112 | Vaults:5 | 42112 ||| STAIRDANCE
 42137 | Vaults:5 | 42137 ||| STAIRDANCE
 42139 | Vaults:4 | 42139 ||| INVOKING Heroism.
 42140 | Vaults:4 | 42140 ||| INVOKING Finesse.
 42211 | Vaults:5 | 42211 ||| STAIRDANCE
 42228 | Vaults:5 | 42228 ||| STAIRDANCE
 42230 | Vaults:4 | 42230 ||| INVOKING Heroism.
 42231 | Vaults:4 | 42231 ||| INVOKING Finesse.
 42284 | Vaults:5 | 42284 ||| STAIRDANCE
 42288 | Vaults:4 | 42288 ||| INVOKING Heroism.
 42355 | Vaults:5 | 42355 ||| STAIRDANCE
 42357 | Vaults:4 | 42357 ||| INVOKING Heroism.
 42360 | Vaults:4 | Received a gift from Okawaru
 42389 | Vaults:5 | 42389 ||| INVOKING Heroism.
 42391 | Vaults:5 | 42391 ||| INVOKING Finesse.
 42426 | Vaults:5 | HP: 35/162 [yaktaur captain/bolt (19)]
 42427 | Vaults:5 | 42427 ||| READING 12 scrolls of teleportation.
 42428 | Vaults:5 | 42428 ||| DRINKING 4 potions of heal wounds.
 42434 | Vaults:5 | Received a gift from Okawaru
 42459 | Vaults:5 | 42459 ||| Stepping ~*~*~tactically~*~*~ (hiding).
 42460 | Vaults:5 | 42460 ||| Stepping ~*~*~tactically~*~*~ (hiding).
 42470 | Vaults:5 | 42470 ||| INVOKING Heroism.
 42529 | Vaults:5 | 42529 ||| Stepping ~*~*~tactically~*~*~ (stealth).
 42531 | Vaults:5 | 42531 ||| INVOKING Heroism.
 42712 | Vaults:5 | Received a gift from Okawaru
 42808 | Vaults:5 | 42808 ||| Stepping ~*~*~tactically~*~*~ (hiding).
 42809 | Vaults:5 | 42809 ||| Stepping ~*~*~tactically~*~*~ (hiding).
 42819 | Vaults:5 | 42819 ||| Stepping ~*~*~tactically~*~*~ (stealth).
 42874 | Vaults:5 | 42874 ||| Stepping ~*~*~tactically~*~*~ (hiding).
 42874 | Vaults:5 | Identified the +6 hand axe of the Devouring Mosquito {holy,
                  | Int+3}
 42878 | Vaults:5 | 42878 ||| INVOKING Heroism.
 42885 | Vaults:5 | Received a gift from Okawaru
 42906 | Vaults:5 | 42906 ||| INVOKING Heroism.
 42919 | Vaults:5 | 42919 ||| Stepping ~*~*~tactically~*~*~ (stealth).
 42936 | Vaults:5 | 42936 ||| READING scroll of brand weapon.
 42936 | Vaults:5 | 42936 ||| BRANDING +8 vorpal broad axe.
 42960 | Vaults:5 | 42960 ||| READING 11 scrolls of teleportation.
 42976 | Vaults:5 | 42976 ||| INVOKING Heroism.
 42978 | Vaults:5 | 42978 ||| Stepping ~*~*~tactically~*~*~ (hiding).
 43107 | Vaults:5 | Received a gift from Okawaru
 43182 | Vaults:5 | 43182 ||| INVOKING Heroism.
 43183 | Vaults:5 | 43183 ||| INVOKING Finesse.
 43189 | Vaults:5 | Reached XP level 24. HP: 168/168 MP: 24/30
 43222 | Vaults:5 | 43222 ||| INVOKING Heroism.
 43279 | Vaults:5 | 43279 ||| Stepping ~*~*~tactically~*~*~ (stealth).
 43305 | Vaults:5 | Got a silver rune of Zot
 43350 | Vaults:5 | 43350 ||| INVOKING Heroism.
 43356 | Vaults:5 | Identified the +2 robe of Juagutusch {rElec rPois rF-
                  | Dex+3} (Okawaru gifted it to you on level 5 of the Vaults)
 43356 | Vaults:5 | Received a gift from Okawaru
 43400 | Vaults:5 | 43400 ||| Stepping ~*~*~tactically~*~*~ (stealth).
 43404 | Vaults:5 | 43404 ||| READING 10 scrolls of teleportation.
 43420 | Vaults:5 | Identified the +7 fire dragon scales of the Butterfly
                  | {Contam Harm rF++ rC- rN+++ Stlth+}
 43422 | Vaults:5 | 43422 ||| FLEEEEING.
 43423 | Vaults:5 | 43423 ||| FLEEEEING.
 43424 | Vaults:5 | 43424 ||| FLEEEEING.
 43425 | Vaults:5 | 43425 ||| FLEEEEING.
 43426 | Vaults:5 | 43426 ||| FLEEEEING.
 43427 | Vaults:5 | 43427 ||| FLEEEEING.
 43428 | Vaults:5 | 43428 ||| Stepping ~*~*~tactically~*~*~ (hiding).
 43497 | Vaults:5 | 43497 ||| INVOKING Heroism.
 43527 | Vaults:5 | Noticed an ancient lich
 43528 | Vaults:5 | 43528 ||| INVOKING Finesse.
 43534 | Vaults:5 | 43534 ||| INVOKING Heroism.
 43545 | Vaults:5 | Killed an ancient lich
 43601 | Vaults:5 | 43601 ||| Stepping ~*~*~tactically~*~*~ (hiding).
 43618 | Vaults:5 | 43618 ||| Stepping ~*~*~tactically~*~*~ (stealth).
 43641 | Vaults:5 | 43641 ||| Stepping ~*~*~tactically~*~*~ (stealth).
 43642 | Vaults:5 | 43642 ||| Stepping ~*~*~tactically~*~*~ (hiding).
 43643 | Vaults:5 | 43643 ||| Stepping ~*~*~tactically~*~*~ (hiding).
 43668 | Vaults:5 | Reached skill level 23 in Fighting
 43704 | Vaults:5 | 43704 ||| Stepping ~*~*~tactically~*~*~ (hiding).
 43782 | Vaults:5 | Identified the +1 chain mail "Qiod" {Harm rN+ SInv}
 43830 | Vaults:5 | 43830 ||| INVOKING Heroism.
 43923 | Vaults:5 | Identified the +3 pair of gloves of Failure {rC+}
 43939 | Vaults:5 | 43939 ||| Stepping ~*~*~tactically~*~*~ (hiding).
 44178 | Vaults:5 | 44178 ||| PLANNING SHOPPING SPREE
 44178 | Vaults:5 | 44178 ||| DROPPING +3 chain mail of fire resistance.
 44179 | Vaults:5 | 44179 ||| DROPPING +0 fire dragon scales.
 44451 | Orc:2    | 44451 ||| BUYING ring of protection from fire (275 gold).
 44451 | Orc:2    | Bought a ring of protection from fire for 275 gold pieces
 44451 | Orc:2    | 44451 ||| DROPPING ring of fire.
 44452 | Orc:2    | 44452 ||| PLANNING ZOT:1-4
 44660 | Zot:1    | Entered Level 1 of the Realm of Zot
 44664 | Zot:1    | 44664 ||| Stepping ~*~*~tactically~*~*~ (hiding).
 44676 | Zot:1    | 44676 ||| Stepping ~*~*~tactically~*~*~ (stealth).
 44741 | Zot:1    | 44741 ||| INVOKING Heroism.
 44769 | Zot:1    | HP: 42/171 [quicksilver dragon/bolt of dispelling energy[a
                  | purple draconian shifter] (35)]
 44770 | Zot:1    | 44770 ||| READING 10 scrolls of teleportation.
 44775 | Zot:1    | HP: 33/171 [purple draconian shifter/bolt of dispelling
                  | energy (15)]
 44776 | Zot:1    | 44776 ||| READING 9 scrolls of teleportation.
 44777 | Zot:1    | 44777 ||| DRINKING 5 potions of heal wounds.
 44780 | Zot:1    | 44780 ||| Stepping ~*~*~tactically~*~*~ (hiding).
 44782 | Zot:1    | 44782 ||| INVOKING Heroism.
 44787 | Zot:1    | Reached skill level 9 in Dodging
 44791 | Zot:1    | 44791 ||| READING 8 scrolls of teleportation.
 44792 | Zot:1    | 44792 ||| Stepping randomly (stuck).
 44793 | Zot:1    | 44793 ||| Stepping randomly (stuck).
 44795 | Zot:1    | Noticed a curse toe
 44833 | Zot:1    | HP: 42/171 [black draconian knight/bolt of lightning (13)]
 44834 | Zot:1    | 44834 ||| Stepping ~*~*~tactically~*~*~ (hiding).
 44835 | Zot:1    | 44835 ||| Stepping ~*~*~tactically~*~*~ (hiding).
 44838 | Zot:1    | HP: 28/171 [black draconian knight/shard of ice (20)]
 44839 | Zot:1    | 44839 ||| READING 7 scrolls of teleportation.
 44840 | Zot:1    | 44840 ||| DRINKING 4 potions of heal wounds.
 44841 | Zot:1    | 44841 ||| DRINKING 3 potions of heal wounds.
 44842 | Zot:1    | 44842 ||| INVOKING Heroism.
 44869 | Zot:1    | 44869 ||| INVOKING Heroism.
 45043 | Zot:1    | 45043 ||| Stepping ~*~*~tactically~*~*~ (stealth).
 45044 | Zot:1    | 45044 ||| Stepping ~*~*~tactically~*~*~ (stealth).
 45108 | Zot:1    | Noticed qw's ghost (veteran GrFi)
 45109 | Zot:1    | Found a transporter.
 45112 | Zot:1    | Noticed a curse toe
 45112 | Zot:1    | Noticed a dread lich
 45131 | Zot:1    | Found a transporter.
 45274 | Zot:1    | 45274 ||| Stepping ~*~*~tactically~*~*~ (hiding).
 45279 | Zot:1    | 45279 ||| INVOKING Heroism.
 45428 | Zot:1    | 45428 ||| INVOKING Heroism.
 45434 | Zot:1    | Killed a curse toe
 45480 | Zot:1    | 45480 ||| Stepping ~*~*~tactically~*~*~ (hiding).
 45492 | Zot:1    | Noticed a curse toe
 45493 | Zot:1    | 45493 ||| INVOKING Heroism.
 45503 | Zot:1    | Killed a curse toe
 45504 | Zot:1    | Reached skill level 24 in Fighting
 45518 | Zot:1    | 45518 ||| Stepping randomly (cloudy).
 45519 | Zot:1    | 45519 ||| Stepping randomly (cloudy).
 45542 | Zot:1    | 45542 ||| Stepping randomly (cloudy).
 45542 | Zot:1    | Noticed a curse toe
 45551 | Zot:1    | 45551 ||| INVOKING Heroism.
 45586 | Zot:1    | 45586 ||| Stepping ~*~*~tactically~*~*~ (hiding).
 45588 | Zot:1    | 45588 ||| Stepping ~*~*~tactically~*~*~ (hiding).
 45590 | Zot:1    | 45590 ||| Stepping ~*~*~tactically~*~*~ (hiding).
 45592 | Zot:1    | 45592 ||| Stepping ~*~*~tactically~*~*~ (hiding).
 45594 | Zot:1    | 45594 ||| Stepping ~*~*~tactically~*~*~ (hiding).
 45598 | Zot:1    | 45598 ||| INVOKING Heroism.
 45604 | Zot:1    | Killed a curse toe
 45650 | Zot:1    | Identified the +5 rapier of the Gnashing Gods {elec, Will+
                  | Int-3 Dex+10}
 45652 | Zot:1    | Noticed a curse toe
 45654 | Zot:1    | 45654 ||| INVOKING Heroism.
 45659 | Zot:1    | Killed a curse toe
 45725 | Zot:1    | Identified the +7 quarterstaff "Tuoshrof" {flame, rElec
                  | Int+4 Dex+5}
 45727 | Zot:1    | Identified the ring "Paugecw" {Fly Int+4}
 45729 | Zot:1    | 45729 ||| DROPPING ring "Paugecw" {Fly Int+4}.
 45808 | Zot:2    | 45808 ||| INVOKING Heroism.
 45823 | Zot:2    | Identified the +3 kite shield of the Trees {Str+4 Dex+4}
                  | (Okawaru gifted it to you on level 2 of the Realm of Zot)
 45823 | Zot:2    | Received a gift from Okawaru
 45893 | Zot:2    | 45893 ||| INVOKING Heroism.
 46042 | Zot:2    | Noticed a curse toe
 46043 | Zot:2    | 46043 ||| INVOKING Heroism.
 46050 | Zot:2    | Killed a curse toe
 46072 | Zot:2    | Reached XP level 25. HP: 105/179 MP: 30/30
 46241 | Zot:2    | 46241 ||| READING scroll of brand weapon.
 46241 | Zot:2    | 46241 ||| BRANDING +8 broad axe of flaming.
 46346 | Zot:2    | 46346 ||| INVOKING Heroism.
 46450 | Zot:2    | 46450 ||| INVOKING Heroism.
 46528 | Zot:2    | 46528 ||| Stepping ~*~*~tactically~*~*~ (stealth).
 46530 | Zot:2    | 46530 ||| Stepping ~*~*~tactically~*~*~ (hiding).
 46531 | Zot:2    | 46531 ||| Stepping ~*~*~tactically~*~*~ (hiding).
 46532 | Zot:2    | 46532 ||| Stepping ~*~*~tactically~*~*~ (hiding).
 46541 | Zot:2    | 46541 ||| INVOKING Heroism.
 46611 | Zot:2    | 46611 ||| INVOKING Heroism.
 46785 | Zot:3    | 46785 ||| STAIRDANCE
 46795 | Zot:3    | 46795 ||| STAIRDANCE
 46796 | Zot:3    | 46796 ||| INVOKING Heroism.
 46808 | Zot:3    | HP: 33/179 [storm dragon (23)]
 46809 | Zot:3    | 46809 ||| READING 8 scrolls of teleportation.
 46809 | Zot:3    | Slain by a golden dragon

Levels and vault maps discovered:
D:1:      tarquinn_simple_flora_water_a, layout_loops_ring,
          hellmonk_ecumenical_altar_zigzags, chequers_serial_rivers_small_3,
          minmay_misc_feat_plants, chequers_serial_rivers_small_a,
          corexii_leaking_fountain
D:2:      layout_loops_corners, grunt_ministairs_9
D:3:      layout_loops_ring
D:4:      layout_basic, kennysheep_generic_room_6
D:5:      layout_basic, mainiacjoe_overflow_small_starburst, st_stairs_7
D:6:      layout_basic, minmay_temple_entry_trees, serial_glass,
          glass_columns_c, glass_columns_a,
          nicolae_concentric_dashed_squares_wild
D:7:      layout_loops_ring, nicolae_overflow_quartered_altars, enter_bailey_3
D:8:      layout_cave_pools, nicolae_kikubaaqudgha_miasma_corner,
          grunt_livestock
D:9:      layout_cave_pods, erik_lair_island
D:10:     layout_grid_maze, uniq_nergalle, uniq_harold
D:11:     layout_long_grid, hiddenorc1_lemuel, amcnicky_altar_lugonu_corruption,
          uniq_josephine
D:12:     layout_loops_cross, nicolae_ru_great_annihilating_truth, uniq_nessos
D:13:     layout_roguey, ximxim_vaults_locker_room,
          gammafunk_ghost_abyssal_escape, xom_teletrap_fun
D:14:     layout_roguey, gauntlet_entry_generic, dreamdust_princess_bridge,
          hangedman_abyss_or_decor_lesser_grid
D:15:     grunt_enter_depths_snipers, layout_basic, grunt_dithmenos_shadows,
          uniq_roxanne, uniq_kirke
Temple:   minmay_temple_bridge_d
Lair:1:   lemuel_reptile_caves, layout_regular_city, uniq_maggie
Lair:2:   cheibrodos_lair_river_kwai, layout_regular_city, swamp_mist,
          hellmonk_spider_entry_life_and_decay, infiniplex_staircase_pool_2,
          lemuel_fruit_fields, serial_bayou_shore_a, uniq_gastronok
Lair:3:   layout_regular_city, gammafunk_ghost_berserking_beasts
Lair:4:   layout_cave_pods, small_statue_intersection, grunt_megastairs_3,
          uniq_rupert
Lair:5:   guppyfry_lair_end_dragon, layout_cave_shapes, wormcave, slime_entry_1,
          grunt_forest_stairs_basic, nzn_masters_of_martial_movement
Swamp:1:  layout_falls_marsh, nicolae_swamp_dense_foliage
Swamp:2:  layout_falls_marsh, nicolae_swamp_very_dense_foliage
Swamp:3:  layout_basic_swamp, hangedman_swamp_ruin_wall, swamp_pool2,
          nicolae_swamp_catching_bugs
Swamp:4:  swamp_alternative, layout_basic_swamp, nicolae_swamp_stuck_in_the_mud,
          infiniplex_staircase_pool
Spider:1: layout_cave_pods, special_room [special_room_bee], uniq_mlioglotl
Spider:2: layout_chambers, gammafunk_ghost_grave
Spider:3: layout_spider_delve, hive_lemuel, nicolae_spider_cling_halls,
          uniq_nikola, uniq_asterion
Spider:4: spider_rune_water, special_room, uniq_bai_suzhen, uniq_louise
Orc:1:    layout_caves, rock_pile
Orc:2:    st_orc_ogre_mass, layout_caves, serial_shops, shop, special_room,
          minmay_orc_treasury
Vaults:1: v_misc_18, nicolae_vaults_theta, v_pattern_1,
          nicolae_vaults_network_s, v_misc_4, ontoclasm_vaults_spin,
          vaults_dpeg_hooks, serial_ice_m, layout_vaults_quadrants,
          enter_trove_0
Vaults:2: ontoclasm_vaults_shout, ontoclasm_vaults_decontamination,
          nicolae_vaults_theta, vaults_room_grunt_arrival_checkpoint,
          nicolae_vaults_specimen_jars, vaults_mumra_chevron_long,
          nicolae_vaults_bisected_slash, v_misc_5, grunt_vaults_twisty,
          layout_vaults_maze, serial_shops, shop
Vaults:3: v_misc_9, blue_anna_dwarven_crypt, v_rooms_2,
          nicolae_vaults_ninety_degrees, v_misc_30, st_cross,
          vaults_mumra_hexcomb, ontoclasm_vaults_chip,
          ontoclasm_vaults_shuriken, layout_vaults_ring, serial_shops,
          nicolae_shop_overgrown_old_shop
Vaults:4: grunt_vaults_focal, v_misc_5, nicolae_vaults_arrows, st_eye,
          v_rooms_4, hangedman_vaults_stretched_pinwheel, v_misc_5,
          ontoclasm_vaults_gateway, ontoclasm_vaults_ring_large,
          vaults_room_pool, dpeg_vaults_monster_box, layout_vaults_omnibox
Vaults:5
Depths:1: layout_basic, enter_ziggurat_d, grunt_pan_entry_zigzag,
          skrybe_limestone_x, hell_entry, serial_sigils_hangedman_gut,
          nicolae_tso_carved_into_rock
Depths:2: dreamdust_merry_men, layout_gridville, rand_demon_pan_entry_7,
          hangedman_tar_grid_catacomb, abyss_entry,
          infiniplex_staircase_trident, minmay_misc_feat_x, minivault_15,
          minmay_crystal_water
Depths:3: dreamdust_experimentation, layout_gridlike, rand_demon_pan_entry_8,
          kennysheep_flooded_box, hell_entry, marbit_kobold_abyss_entry, uniq_vv
Depths:4: grunt_crosshair, layout_long_grid,
          nicolae_concentric_dashed_squares_mild, hangedman_coc_ice_floe,
          uniq_margery
Zot:1:    gammafunk_mikee_crab_dinner, layout_misc_corridors,
          gammafunk_ghost_mausoleum
Zot:2:    layout_onion_interference
Zot:3:    layout_onion_interference, grunt_megastairs_5

Skill      XL: |  1  2  3  4  5  6  7  8  9 10 11 12 13 14 15 16 17 18 19 20 21 22 23 24 |
---------------+-------------------------------------------------------------------------+-----
Axes           | 2 3 4 5 6 7 8 9 11 12 14 16 17 18 | 18.0
Fighting       | 4 5 6 7 8 9 10 11 12 14 16 17 18 20 21 22 24 | 24.2
Dodging        | 1 2 3 4 5 6 7 8 9 |  9.0
Armour         | 4 6 7 8 10 11 12 13 14 15 16 18 19 20 | 20.0
Invocations    | 1 4 9 10 | 10.0
Shields        | 4 5 6 7 8 9 14 15 19 20 21 22 | 22.0
Throwing       | 5 7 8 10 11 12 13 | 13.9

Action                   |  1- 3 |  4- 6 |  7- 9 | 10-12 | 13-15 | 16-18 | 19-21 | 22-24 | 25-27 || total
-------------------------+-------+-------+-------+-------+-------+-------+-------+-------+-------++-------
Melee: War axe           |   116 |   133 |   266 |   305 |       |       |       |       |       ||   820
       Broad axe         |       |       |       |   247 |   608 |  1227 |  1191 |  1371 |    78 ||  4722
       Morningstar       |       |       |       |     8 |    16 |       |       |       |       ||    24
Throw: Javelin           |       |       |       |    18 |   100 |   184 |   122 |   124 |     6 ||   554
       Boomerang         |       |       |       |       |    10 |    19 |     7 |       |       ||    36
Invok: Heroism           |       |       |     5 |    27 |    25 |    43 |    39 |    49 |     5 ||   193
       Finesse           |       |       |       |     2 |    11 |    16 |     5 |    15 |       ||    49
  Use: Scroll            |     7 |     6 |     9 |     4 |     6 |     5 |    12 |     8 |     2 ||    59
       Potion            |       |     2 |     3 |       |     5 |       |     1 |     5 |       ||    16
 Stab: Petrifying        |       |       |       |       |     1 |       |       |       |       ||     1
       Distracted        |       |       |       |       |       |       |     1 |     2 |       ||     3
       Invisible         |       |       |       |       |       |       |       |     4 |       ||     4
Armor: Scale mail        |    31 |       |       |       |       |       |       |       |       ||    31
       Chain mail        |    37 |    80 |   148 |       |       |       |       |       |       ||   265
       Plate armour      |       |       |    41 |   323 |   129 |       |       |       |       ||   493
       Ice dragon scales |       |       |       |       |   152 |   424 |   507 |   347 |    77 ||  1507
Dodge: Dodged            |    38 |    50 |    71 |   167 |   142 |   451 |   377 |   305 |    60 ||  1661
Block: Buckler           |    22 |    20 |    50 |   239 |   233 |   213 |       |       |       ||   777
       Reflection        |       |       |       |       |       |    32 |    74 |    73 |       ||   179
       Kite shield       |       |       |       |       |       |   736 |       |       |       ||   736
       Tower shield      |       |       |       |       |       |   103 |  1250 |  1288 |   124 ||  2765

Table legend:
 A = Non-vault XP
 B = Vault XP
 C = Vault XP percentage of total XP
 D = Non-vault monster count
 E = Vault monster count
 F = Vault count percentage of total count
                 A         B        C        D         E       F
            +---------+---------+-------+---------+---------+-------
      Total |  543910 |  401161 |  42.4 |    1102 |     657 |  37.4
            +---------+---------+-------+---------+---------+-------
        D:1 |      31 |       0 |   0.0 |      17 |       0 |   0.0
        D:2 |      47 |       3 |   6.0 |      20 |       2 |   9.1
        D:3 |     157 |       0 |   0.0 |      22 |       0 |   0.0
        D:4 |     279 |      56 |  16.7 |      15 |       2 |  11.8
        D:5 |     587 |      46 |   7.3 |      14 |       2 |  12.5
        D:6 |     825 |       0 |   0.0 |      16 |       0 |   0.0
        D:7 |    1468 |       8 |   0.5 |      21 |       4 |  16.0
        D:8 |    1567 |     963 |  38.1 |      19 |       5 |  20.8
        D:9 |    3105 |     806 |  20.6 |      21 |       8 |  27.6
       D:10 |    4615 |    1675 |  26.6 |      22 |       2 |   8.3
       D:11 |    3077 |    2089 |  40.4 |      14 |      23 |  62.2
       D:12 |    8263 |    1077 |  11.5 |      17 |       5 |  22.7
       D:13 |    8272 |    2971 |  26.4 |      16 |      12 |  42.9
       D:14 |    6046 |       0 |   0.0 |      16 |       0 |   0.0
       D:15 |    8967 |    5715 |  38.9 |      31 |       7 |  18.4
     Lair:1 |    7526 |    2792 |  27.1 |      35 |      29 |  45.3
     Lair:2 |     570 |    4860 |  89.5 |       3 |      12 |  80.0
     Lair:3 |    4973 |       0 |   0.0 |      22 |       0 |   0.0
     Lair:4 |    4550 |    2260 |  33.2 |      20 |       2 |   9.1
     Lair:5 |    7801 |   11559 |  59.7 |      20 |      34 |  63.0
    Swamp:1 |   14276 |       0 |   0.0 |      29 |       0 |   0.0
    Swamp:2 |    8217 |       0 |   0.0 |      16 |       0 |   0.0
    Swamp:3 |   11978 |    5202 |  30.3 |      24 |      11 |  31.4
    Swamp:4 |   13838 |   17239 |  55.5 |      22 |      22 |  50.0
   Spider:1 |   17250 |    4161 |  19.4 |      44 |      24 |  35.3
   Spider:2 |   18331 |    3713 |  16.8 |      55 |       2 |   3.5
   Spider:3 |    8782 |       0 |   0.0 |      20 |       0 |   0.0
   Spider:4 |   23797 |   23670 |  49.9 |      55 |      37 |  40.2
      Orc:1 |    3949 |     845 |  17.6 |      38 |       4 |   9.5
      Orc:2 |    2002 |   25301 |  92.7 |      20 |      84 |  80.8
   Vaults:1 |   14122 |   17505 |  55.3 |      20 |      26 |  56.5
   Vaults:2 |   29557 |   19078 |  39.2 |      44 |      23 |  34.3
   Vaults:3 |   37905 |   24850 |  39.6 |      46 |      30 |  39.5
   Vaults:4 |   34349 |   74171 |  68.3 |      47 |      92 |  66.2
   Vaults:5 |   30476 |   81087 |  72.7 |      37 |      71 |  65.7
   Depths:1 |   15562 |    4806 |  23.6 |      20 |      10 |  33.3
   Depths:2 |   29397 |   12977 |  30.6 |      35 |      16 |  31.4
   Depths:3 |   27094 |   11422 |  29.7 |      32 |      19 |  37.3
   Depths:4 |   25382 |   18993 |  42.8 |      30 |      16 |  34.8
      Zot:1 |   52575 |   15305 |  22.5 |      45 |      14 |  23.7
      Zot:2 |   47163 |       0 |   0.0 |      38 |       0 |   0.0
      Zot:3 |    5182 |       0 |   0.0 |       4 |       0 |   0.0
   Gauntlet |       0 |    3956 | 100.0 |       0 |       7 | 100.0
            +---------+---------+-------+---------+---------+-------
